 Dungeon Crawl Stone Soup version 0.31-a0-640-g39d97e502b (webtiles) character file.

Game seed: 11858490421878734648

546009 qw the Conqueror (level 26, -5/193 HPs)
             Began as a Gargoyle Hunter on Aug 27, 2023.
             Was an Elder of Okawaru.
             Slain by a shard shrike (26 damage)
             ... on level 3 of the Realm of Zot on Aug 28, 2023.
             The game lasted 00:39:31 (67255 turns).

qw the Conqueror (Gargoyle Hunter)                 Turns: 67255, Time: 00:39:31

Health: -5/193     AC: 46    Str: 18    XL:     26   Next: 15%
Magic:  31/31      EV: 38    Int: 17    God:    Okawaru [****..]
Gold:   4206       SH:  0    Dex: 29    Spells: 25/25 levels left

rFire   + + +        b - +27 heavy crossbow "Sniper" {heavy, Acc+∞ SInv}
rCold   + . .        (shield currently unavailable)
rNeg    + . .        z - +4 ring mail "Saeteapp" {rC+ Regen+}
rPois   inf          w - +2 helmet {SInv}
rElec   +            x - scarf {repulsion}
rCorr   .            r - +2 pair of gloves
SInv    +            A - +2 pair of boots
Will    +....        u - amulet of faith
Stlth   ++++         f - ring "Taheoph" {Drain rF+++ Int+6 Dex+4 Stlth+}
HPRegen 1.32/turn    D - +6 ring of dexterity
MPRegen 0.22/turn

%: repel missiles, faith
@: about to teleport, heroic, flying
A: sickness immunity, AC +20, big wings, negative energy resistance 1,
electricity resistance, torment resistance 1, petrification resistance, clumsy 1
}: 3/15 runes: barnacled, silver, gossamer
a: Renounce Religion, Heroism, Finesse


You were on level 3 of the Realm of Zot.
You worshipped Okawaru.
Okawaru was greatly pleased with you.
You visited 9 branches of the dungeon, and saw 43 of its levels.
You visited 1 bazaar.

You collected 7672 gold pieces.
You spent 3466 gold pieces at shops.


Innate Abilities, Weirdness & Mutations

You are immune to sickness and miasma.
Your stone body is resilient. (AC +20)
You are immune to poison.
Your large and strong wings let you fly.
You resist negative energy. (rN+)
You are resistant to electric shocks. (rElec)
You are resistant to unholy torment.
You are immune to petrification.
You are clumsy. (Dex -2)


   Skills:
 O Level 27 Fighting
 - Level 22.0(27) Ranged Weapons
 - Level 19.0(24.0) Armour
 + Level 21.6(26.6) Dodging
 - Level 1.1(6.1) Stealth
 - Level 11.5 Invocations


You had 25 spell levels left.
You didn't know any spells.
Your spell library was empty.

Inventory:

Hand Weapons
 b - the +27 heavy crossbow "Sniper" (weapon) {heavy, Acc+∞ SInv}
   (You found it on level 1 of the Spider Nest)

   Acc+∞: It never misses its target.
   SInv:      It lets you see invisible.
Armour
 r - a +2 pair of gloves (worn)
 w - a +2 helmet of see invisible (worn)
 x - a scarf of repulsion (worn)
 z - the +4 ring mail "Saeteapp" (worn) {rC+ Regen+}
   (You bought it in a shop on level 2 of the Orcish Mines)

   rC+:       It protects you from cold.
   Regen+:    It increases your rate of health regeneration.
 A - a +2 pair of boots (worn)
 E - a +2 cloak of poison resistance
Jewellery
 f - the ring "Taheoph" (left hand) {Drain rF+++ Int+6 Dex+4 Stlth+}
   (You found it on level 1 of the Depths)

   [ring of intelligence]

   Int+6:     It affects your intelligence (+6).
   Dex+4:     It affects your dexterity (+4).
   rF+++:     It renders you almost immune to fire.
   Drain:     It drains your maximum health when unequipped.
   Stlth+:    It makes you more stealthy.
 t - an amulet of reflection
 u - an amulet of faith (around neck)
 D - a +6 ring of dexterity (right hand)
Wands
 y - a wand of digging (18)
Scrolls
 i - 9 scrolls of enchant weapon
 j - 17 scrolls of identify
 l - 10 scrolls of teleportation
 p - 8 scrolls of enchant armour
 s - a scroll of brand weapon
Potions
 a - 10 potions of enlightenment
 c - 9 potions of haste
 d - 8 potions of might
 h - 7 potions of magic
 n - 15 potions of curing
 o - 3 potions of cancellation
 q - 7 potions of mutation
 v - a potion of resistance

Dungeon Overview and Level Annotations

Branches:
Dungeon (15/15)            Temple (1/1) D:4            Lair (5/5) D:10
 Shoals (4/4) Lair:3       Spider (4/4) Lair:2        Slime (0/5) Lair:5
    Orc (2/2) D:11            Elf (0/3) Orc:2        Vaults (5/5) D:14
  Crypt (0/3) Vaults:3     Depths (4/4) D:15            Zot (3/5) Depths:4

Altars:
Ashenzari
Cheibriados
Dithmenos
Elyvilon
Fedhas
Gozag
Hepliaklqana
Kikubaaqudgha
Makhleb
Nemelex Xobeh
Okawaru
Qazlal
Ru
Sif Muna
Trog
Uskayaw
Vehumet
Wu Jian
Xom
Yredelemnul
Zin
The Shining One
Jiyva
Lugonu

Shops:
D:7 (   D:13 !   Orc:2 *([(:   Shoals:1 (   Vaults:1 [   Vaults:2 (
Vaults:3 (   Vaults:4 *

Portals:
Hell: Depths:1 Depths:2 Depths:3
Abyss: Shoals:1 Depths:3
Pandemonium: Depths:2 Depths:3
Ziggurat: Depths:4

Annotations:
D:6 1 runed translucent door, qw's ghost, novice DEHu
D:7 3 runed translucent doors, qw's ghost, novice GrFi; qw's ghost, novice MiHs
Lair:1 2 runed translucent doors, qw's ghost, journeyman MiHs
Lair:2 2 transporters, qw's ghost, journeyman GrFi
Shoals:1 3 runed translucent doors, qw's ghost, journeyman DEHu
Spider:2 2 runed translucent doors, Secrolyq's ghost, adept GrFi
Depths:2 2 transporters
Depths:4 exclusion: 3 daevas
Zot:2 36 runed doors


Message History

67246 ||| READING 11 scrolls of teleportation.
As you read the scroll of teleportation, it crumbles to dust.
You feel strangely unstable.
You feel the Orb delaying your translocation!
The shard shrike completely misses you.
67247 ||| RETREATING.
A white draconian comes into view. It is wielding a +2 mace of flaming.
The red draconian scorcher gestures at you while chanting.
The bolt of magma misses you.
A hellephant comes into view.
The shard shrike completely misses you.
67248 ||| Stepping ~*~*~tactically~*~*~ (retreating).
The shard shrike claws you but does no damage.
The red draconian scorcher breathes fire at you.
The searing blast misses you.
The shard shrike is engulfed in a cloud of scalding steam.
The shard shrike spits a shard of ice at you.
The shard of ice misses you.
The shard shrike is engulfed in a cloud of scalding steam.
The shard shrike misses you.
Things that are here:
a +2 mace of freezing; a +0 cloak
67251 ||| Stepping ~*~*~tactically~*~*~ (retreating).
67252 ||| Stepping ~*~*~tactically~*~*~ (retreating).
You shoot a bolt.
The bolt hits the red draconian scorcher!!!!
You kill the red draconian scorcher!
Okawaru accepts your kill.
A moth of wrath comes into view.
The moth of wrath goads the shard shrike on!
The shard shrike goes berserk!
The moth of wrath goads the white draconian on!
The white draconian goes berserk!
A shadow dragon comes into view.
Things that are here:
a +0 long sword; a +0 cloak; a red draconian corpse
67255 ||| Stepping ~*~*~tactically~*~*~ (retreating).
The shard shrike rages.
The shard shrike claws you! The shard shrike freezes you!! You resist.
You die...

##.#.. ####
...D...). ###¤~#
.......###~¤¤¤#
~###...~~..~~..~¤#
.~~..~~..~~.¤~¤¤~#
~..~Y.~~~~.~~..~~#
¤~..~~Yd~~).~~?.#
..~~..~¤¤.)###~~#
###y.¤yd.b@####
#.....0....#
#......####+##
#.....### ...##.
.. # .


You could see a hellephant, a shard shrike (berserk), 2 draconians and a moth of
wrath.

Vanquished Creatures
  A dread lich (Zot:1)
  An orb of fire (Zot:1)
  5 ancient liches (Vaults:5)
  Mara (Vaults:5)
  Mennas (Vaults:5)
  3 juggernauts
  Sojobo (Vaults:5)
  Boris (4 times) (Vaults:4 Vaults:5 Depths:1 Depths:4)
  Vv (Depths:3)
  2 Killer Klowns (Zot:1)
  Frederick (Vaults:5)
  Parghit (Zot:1)
  A curse toe (Zot:1)
  2 caustic shrikes
  Xtahua (Vaults:3)
  Bai Suzhen (Spider:3)
  Nikola (Shoals:4)
  12 golden dragons
  2 electric golems (Zot:1)
  Zenata (Vaults:1)
  12 tentacled monstrosities
  Asterion (Vaults:3)
  2 liches
  4 sphinxes
  Mlioglotl (Shoals:3)
  An acid blob (Zot:2)
  8 quicksilver dragons
  8 death cobs
  A kraken (Shoals:1)
  3 titans
  6 tengu reavers
  Polyphemus (Shoals:2)
  Donald (Orc:2)
  7 storm dragons
  12 frost giants
  3 iron dragons
  10 shadow dragons
  8 fire giants
  3 draconian shifters
  A juggernaut zombie (Depths:3)
  6 ghost moths
  Louise (Spider:3)
  A deep elf sorcerer (Vaults:5)
  A ghost moth (shapeshifter) (Vaults:5)
  4 emperor scorpions
  15 vault wardens
  3 balrugs (Zot:2)
  3 draconian scorchers
  A draconian stormcaller (Zot:3)
  4 draconian annihilators
  23 ironbound preservers
  2 orc warlords
  2 cacodemons (Depths:1)
  4 formless jellyfish
  5 broodmothers
  A reaper (Depths:3)
  4 war gargoyles
  14 stone giants
  37 very ugly things
  A deep elf demonologist (Vaults:5)
  8 green draconians
  2 deep elf annihilators
  3 ironbound thunderhulks
  4 purple draconians
  2 white draconians (Zot:1)
  6 yellow draconians
  3 black draconians
  4 dire elephants
  6 vampire knights
  2 pale draconians (Depths:4)
  8 red draconians
  15 spark wasps
  5 ettins
  Josephine (Lair:5)
  2 jiangshi (Depths:1)
  A deep elf death mage (Zot:2)
  2 merfolk javelineers (Shoals:4)
  4 crystal guardians
  3 entropy weavers
  8 fire dragons
  9 merfolk impalers
  8 yaktaur captains
  6 great orbs of eyes
  2 green deaths (Depths:1)
  A quicksilver dragon skeleton (Depths:3)
  2 deep elf high priests
  11 spriggan air magi
  2 hydras
  A salamander tyrant (Depths:2)
  5 ice dragons
  4 peacekeepers
  46 vault guards
  2 hell beasts (Depths:1)
  5 radroaches
  6 rakshasas
  18 centaur warriors
  4 merfolk aquamancers
  3 catoblepae
  9 ironbound frosthearts
  A death knight (D:14)
  3 alligator snapping turtles
  12 boulder beetles
  4 two-headed ogres
  A dancing weapon (Vaults:5)
  3 satyrs
  27 death yaks
  4 deep troll earth magi
  7 deep troll shamans
  A sphinx skeleton (Vaults:4)
  3 vampire magi
  5 spriggan berserkers
  7 tengu warriors
  A shock serpent (shapeshifter) (Depths:4)
  18 demonic crawlers
  2 hell hogs (Depths:2)
  A skyshark (shapeshifter) (Depths:1)
  4 sun demons
  10 hell knights
  6 soul eaters
  9 pharaoh ants
  8 iron trolls
  2 skysharks
  4 skeletal warriors (D:13)
  A death drake (shapeshifter) (Vaults:5)
  2 salamander mystics (Depths:2)
  8 sea snakes
  65 deep trolls
  A glowing orange brain (Depths:4)
  2 sun moths
  2 sixfirhies
  4 flayed ghosts
  3 swamp dragons (Depths:4)
  10 wizards
  19 orb spiders
  4 steelbarb worms
  5 necromancers
  3 spriggan simulacra (Shoals:1)
  Pikel (D:5)
  4 lindwurms
  22 harpies
  An obsidian statue (Depths:1)
  26 ironbound convokers
  2 deep elf pyromancers
  7 orc knights
  6 phantasmal warriors
  A human zombie (Vaults:4)
  An orc sorcerer (Orc:1)
  21 wolf spiders
  41 ugly things
  A cyclops (shapeshifter) (D:14)
  17 fauns
  14 manticores
  6 salamanders
  12 cyclopes
  25 moths of wrath
  12 elephants
  2 frost giant skeletons
  4 black mambas
  6 guardian serpents (Zot:2)
  7 merfolk sirens
  15 vault sentinels
  4 water nymphs
  4 smoke demons
  A water nymph (shapeshifter) (Vaults:5)
  A yaktaur zombie (Vaults:4)
  2 gargoyles
  4 torpor snails
  2 orange demons
  A hellion (Depths:2)
  7 komodo dragons
  10 cane toads
  4 rime drakes
  A freezing wraith (D:15)
  An unseen horror (D:12)
  32 yaktaurs
  An anaconda simulacrum (Shoals:1)
  An efreet (D:15)
  A tormentor (Depths:1)
  6 tengu conjurers
  A human skeleton (Vaults:3)
  3 polar bears
  4 meliai
  2 harpy zombies (Zot:2)
  29 merfolk
  10 trolls
  5 hornets (Spider:4)
  6 wind drakes
  A tarantella (shapeshifter) (Vaults:5)
  An alligator simulacrum (Shoals:1)
  22 tarantellas
  10 blink frogs (Lair:3)
  3 raiju (Zot:2)
  3 snapping turtles
  10 dream sheep
  31 jumping spiders
  17 culicivoras
  28 slime creatures
  5 wyverns
  A vampire (D:11)
  8 spriggans
  9 water elementals
  8 wraiths
  40 yaks
  2 shadows
  A hog (shapeshifter) (Vaults:5)
  3 basilisks
  5 steam dragons
  A chaos spawn (Depths:1)
  9 vampire mosquitoes
  A minotaur simulacrum (Shoals:1)
  78 redbacks
  A glowing shapeshifter zombie (Vaults:4)
  A yaktaur simulacrum (Vaults:3)
  3 wargs
  17 water moccasins
  An acid dragon (shapeshifter) (D:14)
  2 acid dragons
  A floating eye (Depths:2)
  A glowing shapeshifter skeleton (Depths:3)
  A sky beast (D:6)
  5 black bears
  40 orc warriors
  11 ogres
  7 boggarts
  8 centaurs
  15 wolves
  A kobold brigand (D:9)
  A glowing shapeshifter simulacrum (Vaults:4)
  10 bullfrogs
  3 gnoll sergeants
  5 scorpions
  2 deep troll simulacra (Shoals:1)
  12 wights
  2 howler monkeys (D:6)
  3 electric eels
  A quasit (D:7)
  8 hounds
  2 jellies
  25 orc priests
  2 gnoll boudas
  An iguana (D:5)
  Jessica (D:2)
  2 sleepcaps
  Terence (D:3)
  Natasha (thrice) (D:3)
  35 orc wizards
  6 hell rats (Lair:5)
  11 adders
  22 gnolls
  2 shadow imps
  A white imp (D:5)
  2 ufetubi
  2 worms
  2 dart slugs
  105 orcs
  5 endoplasms
  3 giant cockroaches
  9 hobgoblins
  10 jackals
  10 kobolds
  5 quokkas
  5 ball pythons
  5 bats
  5 frilled lizards
  7 goblins
  7 rats
  2 lurking horrors (Shoals:1)
1927 creatures vanquished.

Vanquished Creatures (others)
  A draconian shifter (Zot:1)
  A two-headed ogre (D:12)
  A boulder beetle (D:12)
  A sun demon (Depths:2)
  An orc wizard (Orc:1)
  An orc (Vaults:5)
6 creatures vanquished.

Grand Total: 1933 creatures vanquished

Notes
Turn   | Place    | Note
-------+----------+-------------------------------------------
     0 | D:1      | qw the Gargoyle Hunter began the quest for the Orb.
     0 | D:1      | Reached XP level 1. HP: 12/12 MP: 1/1
     0 | D:1      | 0 ||| qw: Version: 0.3-a-74-g0d5e918
     0 | D:1      | 0 ||| qw: Game counter: 68
     0 | D:1      | 0 ||| qw: Melee chars always use a shield: true
     0 | D:1      | 0 ||| qw: God list: Okawaru
     0 | D:1      | 0 ||| qw: Allow faded altars: false
     0 | D:1      | 0 ||| qw: Do Orc after clearing Dungeon:15 true
     0 | D:1      | 0 ||| qw: Do second Lair branch before Depths: true
     0 | D:1      | 0 ||| qw: Lair rune preference: random
     0 | D:1      | 0 ||| qw: Goals: Normal
     0 | D:1      | 0 ||| PLANNING D:1-11
   158 | D:1      | Found a faded altar of an unknown god.
   207 | D:1      | Reached XP level 2. HP: 17/17 MP: 2/2
   923 | D:1      | 923 ||| READING 2 scrolls labelled GISICIUNTA.
   924 | D:1      | 924 ||| READING scroll labelled BAN WE SUNKID.
   925 | D:1      | 925 ||| DROPPING scroll of fog.
   926 | D:1      | 926 ||| DROPPING scroll of butterflies.
   999 | D:2      | Found a snail-covered altar of Cheibriados.
  1078 | D:2      | Noticed Jessica
  1079 | D:2      | Reached XP level 3. HP: 21/21 MP: 3/3
  1085 | D:2      | Killed Jessica
  1198 | D:2      | Reached XP level 4. HP: 26/27 MP: 4/4
  1404 | D:2      | 1404 ||| UPGRADING to +0 ring mail.
  1414 | D:2      | 1414 ||| DROPPING +0 leather armour.
  1415 | D:2      | 1415 ||| READING scroll labelled MIELUSM KOEWA.
  1415 | D:2      | Identified a scroll of acquirement
  1415 | D:2      | 1415 ||| ACQUIRING +6 hand crossbow of the Baleful God
                  | {freeze, Stlth+}
  1415 | D:2      | Acquired the +6 hand crossbow of the Baleful God {freeze,
                  | Stlth+}
  1417 | D:2      | 1417 ||| SWAPPING to +6 hand crossbow of the Baleful God
                  | {freeze, Stlth+}.
  1418 | D:2      | 1418 ||| DROPPING +0 shortbow of electrocution.
  1419 | D:2      | 1419 ||| READING scroll labelled ENEEJA NOVUMUT.
  1420 | D:2      | 1420 ||| READING scroll labelled JADYIW VYMI.
  1421 | D:2      | 1421 ||| READING scroll labelled ACELOEQISA.
  1493 | D:3      | Reached skill level 1 in Armour
  1518 | D:3      | Noticed an ogre
  1524 | D:3      | Killed an ogre
  1525 | D:3      | Reached skill level 4 in Fighting
  1525 | D:3      | Reached XP level 5. HP: 33/33 MP: 5/5
  1527 | D:3      | 1527 ||| Stepping ~*~*~tactically~*~*~ (outnumbered).
  1649 | D:3      | Reached XP level 6. HP: 38/38 MP: 6/6
  1659 | D:3      | Reached skill level 6 in Ranged Weapons
  1660 | D:3      | Noticed Terence
  1664 | D:3      | Killed Terence
  1809 | D:3      | Noticed Natasha
  1812 | D:3      | Killed Natasha
  1907 | D:3      | Noticed Natasha
  1908 | D:3      | Killed Natasha
  1944 | D:3      | Noticed Natasha
  1947 | D:3      | Killed Natasha
  1978 | D:3      | 1978 ||| UPGRADING to +6 ring of dexterity.
  1979 | D:3      | 1979 ||| READING 2 scrolls labelled SAFEWIA ZOER.
  1980 | D:3      | 1980 ||| READING scroll labelled SOUREQEU PELA.
  1981 | D:3      | 1981 ||| DROPPING scroll of vulnerability.
  2180 | D:4      | Reached XP level 7. HP: 30/43 MP: 7/7
  2310 | D:4      | Found a staircase to the Ecumenical Temple.
  2311 | D:4      | 2311 ||| PLANNING TEMPLE
  2316 | Temple   | Entered the Ecumenical Temple
  2317 | Temple   | 2317 ||| PLANNING OKAWARU WORSHIP
  2323 | Temple   | Became a worshipper of Warmaster Okawaru
  2324 | Temple   | 2324 ||| PLANNING D:1-11
  2998 | D:4      | Reached * piety under Okawaru
  2999 | D:4      | Reached skill level 5 in Fighting
  2999 | D:4      | Reached XP level 8. HP: 50/50 MP: 8/8
  3051 | D:4      | 3051 ||| UPGRADING to +2 helmet.
  3056 | D:4      | 3056 ||| READING 2 scrolls of identify.
  3056 | D:4      | 3056 ||| IDENTIFYING glowing emerald potion
  3090 | D:5      | Entered Level 5 of the Dungeon
  3116 | D:5      | Reached skill level 1 in Invocations
  3119 | D:5      | 3119 ||| FLEEEEING.
  3130 | D:5      | 3130 ||| INVOKING Heroism.
  3147 | D:5      | Found an ornate altar of the Wu Jian Council.
  3147 | D:5      | Found a white marble altar of Elyvilon.
  3157 | D:5      | 3157 ||| UPGRADING to +1 pair of gloves.
  3235 | D:5      | 3235 ||| INVOKING Heroism.
  3238 | D:5      | Reached skill level 3 in Invocations
  3308 | D:5      | Found a snail-covered altar of Cheibriados.
  3372 | D:5      | Noticed Pikel
  3373 | D:5      | 3373 ||| INVOKING Heroism.
  3377 | D:5      | Killed Pikel
  3377 | D:5      | Reached ** piety under Okawaru
  3378 | D:5      | Reached skill level 9 in Ranged Weapons
  3378 | D:5      | Reached XP level 9. HP: 54/54 MP: 8/12
  3807 | D:5      | Reached skill level 3 in Dodging
  3938 | D:5      | 3938 ||| READING 3 scrolls of identify.
  3938 | D:5      | 3938 ||| IDENTIFYING yellow potion
  3939 | D:5      | 3939 ||| READING 2 scrolls of identify.
  3939 | D:5      | 3939 ||| IDENTIFYING green potion
  4005 | D:6      | 4005 ||| INVOKING Heroism.
  4036 | D:6      | 4036 ||| INVOKING Heroism.
  4038 | D:6      | Reached skill level 6 in Fighting
  4058 | D:6      | Found a runed translucent door.
  4058 | D:6      | Noticed qw's ghost (novice DEHu)
  4073 | D:6      | 4073 ||| Stepping ~*~*~tactically~*~*~ (retreating).
  4074 | D:6      | 4074 ||| Stepping ~*~*~tactically~*~*~ (retreating).
  4075 | D:6      | 4075 ||| Stepping ~*~*~tactically~*~*~ (retreating).
  4151 | D:6      | Reached skill level 3 in Armour
  4208 | D:6      | Found a shadowy altar of Dithmenos.
  4416 | D:6      | Reached skill level 7 in Fighting
  4733 | D:6      | 4733 ||| UPGRADING to amulet of reflection.
  4738 | D:6      | 4738 ||| DROPPING ring of magical power.
  4739 | D:6      | 4739 ||| DROPPING +6 ring of intelligence.
  4740 | D:6      | 4740 ||| READING scroll labelled YGHOIT TISAED.
  4741 | D:6      | 4741 ||| READING scroll labelled BUFUAG APNI.
  4742 | D:6      | 4742 ||| READING scroll labelled XECHAKK IPTUUM.
  4743 | D:6      | 4743 ||| DRINKING 2 white potions.
  4744 | D:6      | 4744 ||| READING 2 scrolls of identify.
  4744 | D:6      | 4744 ||| IDENTIFYING inky potion
  4745 | D:6      | 4745 ||| DROPPING potion of berserk rage.
  4800 | D:7      | Found a basalt altar of Yredelemnul.
  4866 | D:7      | Found a runed translucent gate.
  4866 | D:7      | Found a runed translucent gate.
  4866 | D:7      | Found a runed translucent gate.
  4868 | D:7      | Noticed qw's ghost (novice GrFi)
  4868 | D:7      | Noticed qw's ghost (novice MiHs)
  4894 | D:7      | Identified the +8 chain mail of Valour {SInv}
  4907 | D:7      | 4907 ||| Stepping ~*~*~tactically~*~*~ (outnumbered).
  4911 | D:7      | 4911 ||| Stepping ~*~*~tactically~*~*~ (outnumbered).
  4912 | D:7      | Reached *** piety under Okawaru
  4923 | D:7      | Reached XP level 10. HP: 63/63 MP: 13/13
  5119 | D:7      | 5119 ||| RETREATING.
  5121 | D:7      | 5121 ||| RETREATING.
  5123 | D:7      | 5123 ||| RETREATING.
  5127 | D:7      | 5127 ||| Stepping ~*~*~tactically~*~*~ (retreating).
  5129 | D:7      | 5129 ||| Stepping ~*~*~tactically~*~*~ (retreating).
  5130 | D:7      | 5130 ||| Stepping ~*~*~tactically~*~*~ (retreating).
  5131 | D:7      | 5131 ||| Stepping ~*~*~tactically~*~*~ (retreating).
  5132 | D:7      | 5132 ||| Stepping ~*~*~tactically~*~*~ (retreating).
  5133 | D:7      | 5133 ||| Stepping ~*~*~tactically~*~*~ (retreating).
  5134 | D:7      | 5134 ||| Stepping ~*~*~tactically~*~*~ (retreating).
  5135 | D:7      | 5135 ||| Stepping ~*~*~tactically~*~*~ (retreating).
  5136 | D:7      | 5136 ||| Stepping ~*~*~tactically~*~*~ (retreating).
  5137 | D:7      | 5137 ||| Stepping ~*~*~tactically~*~*~ (retreating).
  5138 | D:7      | 5138 ||| Stepping ~*~*~tactically~*~*~ (retreating).
  5141 | D:7      | 5141 ||| Stepping ~*~*~tactically~*~*~ (retreating).
  5144 | D:7      | 5144 ||| INVOKING Heroism.
  5254 | D:7      | 5254 ||| READING scroll of acquirement.
  5254 | D:7      | 5254 ||| ACQUIRING +1 longbow of Fesoc {drain, rC+ Str+3
                  | Dex-2 SInv}
  5254 | D:7      | Acquired the +1 longbow of Fesoc {drain, rC+ Str+3 Dex-2
                  | SInv}
  5256 | D:7      | 5256 ||| SWAPPING to +1 longbow of Fesoc {drain, rC+ Str+3
                  | Dex-2 SInv}.
  5257 | D:7      | 5257 ||| DROPPING +6 hand crossbow of the Baleful God
                  | {freeze, Stlth+}.
  5289 | D:7      | Found Romare Naraf's Antique Weapon Emporium.
  5393 | D:7      | 5393 ||| DROPPING +1 hat.
  5394 | D:7      | 5394 ||| READING scroll labelled LAEBRE NARONES.
  5395 | D:7      | 5395 ||| READING scroll labelled NAUTOESYCS.
  5396 | D:7      | 5396 ||| DRINKING 2 black potions.
  5434 | D:8      | Reached skill level 8 in Fighting
  5505 | D:8      | 5505 ||| Stepping ~*~*~tactically~*~*~ (outnumbered).
  5508 | D:8      | 5508 ||| INVOKING Heroism.
  5653 | D:8      | Found a hazy altar of Hepliaklqana.
  5669 | D:8      | Found an ancient bone altar of Kikubaaqudgha.
  5714 | D:8      | 5714 ||| INVOKING Heroism.
  6186 | D:8      | 6186 ||| UPGRADING to +2 cloak.
  6191 | D:8      | 6191 ||| UPGRADING to +0 steam dragon scales.
  6201 | D:8      | 6201 ||| DROPPING +0 ring mail.
  6202 | D:8      | 6202 ||| DRINKING 2 lumpy silvery potions.
  6203 | D:8      | 6203 ||| DRINKING potion of curing.
  6203 | D:8      | 6203 ||| (to cure confusion)
  6204 | D:8      | 6204 ||| DRINKING 2 dark potions.
  6205 | D:8      | 6205 ||| READING 2 scrolls of identify.
  6205 | D:8      | 6205 ||| IDENTIFYING bubbling pink potion
  6206 | D:8      | 6206 ||| DROPPING potion of ambrosia.
  6207 | D:8      | 6207 ||| DROPPING potion of invisibility.
  6240 | D:9      | Reached skill level 12 in Ranged Weapons
  6452 | D:9      | 6452 ||| INVOKING Heroism.
  6486 | D:9      | 6486 ||| RETREATING.
  6487 | D:9      | 6487 ||| INVOKING Heroism.
  6529 | D:9      | 6529 ||| INVOKING Heroism.
  6597 | D:9      | 6597 ||| FLEEEEING.
  6602 | D:9      | 6602 ||| FLEEEEING.
  6603 | D:9      | 6603 ||| FLEEEEING.
  6618 | D:9      | 6618 ||| FLEEEEING.
  6619 | D:9      | 6619 ||| FLEEEEING.
  6639 | D:9      | Reached **** piety under Okawaru
  6663 | D:9      | Reached XP level 11. HP: 68/69 MP: 14/14
  6751 | D:9      | 6751 ||| RETREATING.
  6805 | D:9      | 6805 ||| INVOKING Heroism.
  6991 | D:9      | 6991 ||| INVOKING Heroism.
  6996 | D:9      | Reached skill level 9 in Fighting
  6996 | D:9      | Reached skill level 6 in Invocations
  6996 | D:9      | 6996 ||| Stepping ~*~*~tactically~*~*~ (outnumbered).
  7011 | D:9      | 7011 ||| INVOKING Heroism.
  7315 | D:9      | 7315 ||| DROPPING +2 hat.
  7316 | D:9      | 7316 ||| UPGRADING to +0 acid dragon scales.
  7326 | D:9      | 7326 ||| UPGRADING to +2 robe of fire resistance.
  7336 | D:9      | 7336 ||| READING 3 scrolls of identify.
  7336 | D:9      | 7336 ||| IDENTIFYING metallic emerald potion
  7337 | D:9      | 7337 ||| READING 2 scrolls of identify.
  7337 | D:9      | 7337 ||| IDENTIFYING smoky silvery potion
  7338 | D:9      | 7338 ||| DROPPING potion of degeneration.
  7370 | D:10     | Entered Level 10 of the Dungeon
  7374 | D:10     | 7374 ||| INVOKING Heroism.
  7407 | D:10     | 7407 ||| INVOKING Heroism.
  7408 | D:10     | 7408 ||| RETREATING.
  7427 | D:10     | 7427 ||| Stepping ~*~*~tactically~*~*~ (retreating).
  7448 | D:10     | 7448 ||| INVOKING Heroism.
  7505 | D:10     | 7505 ||| INVOKING Heroism.
  7506 | D:10     | 7506 ||| Stepping ~*~*~tactically~*~*~ (outnumbered).
  7519 | D:10     | 7519 ||| Stepping ~*~*~tactically~*~*~ (outnumbered).
  7531 | D:10     | 7531 ||| Stepping ~*~*~tactically~*~*~ (outnumbered).
  7532 | D:10     | 7532 ||| Stepping ~*~*~tactically~*~*~ (outnumbered).
  7535 | D:10     | 7535 ||| Stepping ~*~*~tactically~*~*~ (retreating).
  7536 | D:10     | 7536 ||| Stepping ~*~*~tactically~*~*~ (retreating).
  7538 | D:10     | 7538 ||| INVOKING Heroism.
  7540 | D:10     | 7540 ||| Stepping ~*~*~tactically~*~*~ (retreating).
  7582 | D:10     | Received a gift from Okawaru
  7725 | D:10     | Found a staircase to the Lair.
  7745 | D:10     | 7745 ||| INVOKING Heroism.
  7896 | D:10     | 7896 ||| PLANNING LAIR
  7896 | D:10     | 7896 ||| UPGRADING to +0 troll leather armour.
  7906 | D:10     | 7906 ||| UPGRADING to +2 robe of resistance.
  7916 | D:10     | 7916 ||| DROPPING +0 acid dragon scales.
  7917 | D:10     | 7917 ||| DROPPING +2 robe of fire resistance.
  7918 | D:10     | 7918 ||| DROPPING +0 steam dragon scales.
  7919 | D:10     | 7919 ||| DRINKING 2 silvery potions.
  7920 | D:10     | 7920 ||| READING 3 scrolls of identify.
  7920 | D:10     | 7920 ||| IDENTIFYING glowing sapphire potion
  7955 | Lair:1   | Entered Level 1 of the Lair of Beasts
  7980 | Lair:1   | Received a gift from Okawaru
  7999 | Lair:1   | 7999 ||| INVOKING Heroism.
  8033 | Lair:1   | 8033 ||| INVOKING Heroism.
  8081 | Lair:1   | 8081 ||| INVOKING Heroism.
  8114 | Lair:1   | Received a gift from Okawaru
  8177 | Lair:1   | Reached XP level 12. HP: 76/76 MP: 18/18
  8194 | Lair:1   | Reached skill level 9 in Invocations
  8282 | Lair:1   | Found a large runed translucent door.
  8284 | Lair:1   | Found a large runed translucent door.
  8354 | Lair:1   | Noticed qw's ghost (journeyman MiHs)
  8733 | Lair:1   | 8733 ||| READING scroll labelled XEAMEZAUZA.
  8880 | Lair:2   | 8880 ||| INVOKING Heroism.
  8903 | Lair:2   | Noticed qw's ghost (journeyman GrFi)
  8907 | Lair:2   | Noticed a skyshark
  8916 | Lair:2   | Found the +8 trident of the Octopus King {venom, rElec
                  | rPois}
  8923 | Lair:2   | 8923 ||| INVOKING Heroism.
  8940 | Lair:2   | Found a transporter.
  8955 | Lair:2   | Found a transporter.
  8961 | Lair:2   | Noticed a boulder beetle
  8962 | Lair:2   | 8962 ||| INVOKING Heroism.
  8969 | Lair:2   | Noticed a four-headed hydra
  8970 | Lair:2   | 8970 ||| Stepping ~*~*~tactically~*~*~ (retreating).
  8971 | Lair:2   | 8971 ||| Stepping ~*~*~tactically~*~*~ (retreating).
  8972 | Lair:2   | 8972 ||| Stepping ~*~*~tactically~*~*~ (retreating).
  8973 | Lair:2   | 8973 ||| Stepping ~*~*~tactically~*~*~ (retreating).
  8977 | Lair:2   | Killed a boulder beetle
  8979 | Lair:2   | Killed a four-headed hydra
  8980 | Lair:2   | 8980 ||| Stepping ~*~*~tactically~*~*~ (retreating).
  8981 | Lair:2   | 8981 ||| Stepping ~*~*~tactically~*~*~ (retreating).
  8982 | Lair:2   | 8982 ||| Stepping ~*~*~tactically~*~*~ (retreating).
  8983 | Lair:2   | 8983 ||| Stepping ~*~*~tactically~*~*~ (retreating).
  8984 | Lair:2   | 8984 ||| Stepping ~*~*~tactically~*~*~ (retreating).
  8985 | Lair:2   | 8985 ||| Stepping ~*~*~tactically~*~*~ (retreating).
  8992 | Lair:2   | Reached skill level 10 in Fighting
  9018 | Lair:2   | 9018 ||| READING scroll of enchant armour.
  9018 | Lair:2   | 9018 ||| ENCHANTING +1 pair of gloves.
  9562 | Lair:2   | Found a hole to the Spider Nest.
  9564 | Lair:2   | 9564 ||| INVOKING Heroism.
  9693 | Lair:2   | 9693 ||| READING 6 scrolls of identify.
  9693 | Lair:2   | 9693 ||| IDENTIFYING blue potion
  9694 | Lair:2   | 9694 ||| DRINKING potion of experience.
  9694 | Lair:2   | Reached XP level 13. HP: 82/82 MP: 20/20
  9783 | Lair:3   | 9783 ||| INVOKING Heroism.
  9789 | Lair:3   | 9789 ||| RETREATING.
  9801 | Lair:3   | Reached skill level 6 in Dodging
  9804 | Lair:3   | 9804 ||| INVOKING Heroism.
  9834 | Lair:3   | Reached ***** piety under Okawaru
  9906 | Lair:3   | 9906 ||| Stepping ~*~*~tactically~*~*~ (retreating).
  9907 | Lair:3   | 9907 ||| Stepping ~*~*~tactically~*~*~ (retreating).
  9908 | Lair:3   | 9908 ||| Stepping ~*~*~tactically~*~*~ (retreating).
  9913 | Lair:3   | Reached skill level 11 in Fighting
 10073 | Lair:3   | Identified the +6 chain mail of Eternity {rElec Str+3 Int-5
                  | Stlth+} (Okawaru gifted it to you on level 3 of the Lair of
                  | Beasts)
 10073 | Lair:3   | Received a gift from Okawaru
 10075 | Lair:3   | 10075 ||| INVOKING Heroism.
 10080 | Lair:3   | 10080 ||| RETREATING.
 10084 | Lair:3   | 10084 ||| Stepping ~*~*~tactically~*~*~ (retreating).
 10085 | Lair:3   | 10085 ||| Stepping ~*~*~tactically~*~*~ (retreating).
 10086 | Lair:3   | 10086 ||| Stepping ~*~*~tactically~*~*~ (retreating).
 10088 | Lair:3   | 10088 ||| Stepping ~*~*~tactically~*~*~ (retreating).
 10089 | Lair:3   | 10089 ||| Stepping ~*~*~tactically~*~*~ (retreating).
 10090 | Lair:3   | 10090 ||| Stepping ~*~*~tactically~*~*~ (retreating).
 10091 | Lair:3   | 10091 ||| Stepping ~*~*~tactically~*~*~ (retreating).
 10094 | Lair:3   | 10094 ||| INVOKING Finesse.
 10096 | Lair:3   | 10096 ||| Stepping ~*~*~tactically~*~*~ (retreating).
 10097 | Lair:3   | 10097 ||| Stepping ~*~*~tactically~*~*~ (retreating).
 10115 | Lair:3   | 10115 ||| Stepping ~*~*~tactically~*~*~ (retreating).
 10116 | Lair:3   | 10116 ||| Stepping ~*~*~tactically~*~*~ (retreating).
 10118 | Lair:3   | 10118 ||| Stepping ~*~*~tactically~*~*~ (retreating).
 10119 | Lair:3   | 10119 ||| Stepping ~*~*~tactically~*~*~ (retreating).
 10120 | Lair:3   | 10120 ||| Stepping ~*~*~tactically~*~*~ (retreating).
 10121 | Lair:3   | 10121 ||| Stepping ~*~*~tactically~*~*~ (retreating).
 10122 | Lair:3   | 10122 ||| Stepping ~*~*~tactically~*~*~ (retreating).
 10123 | Lair:3   | 10123 ||| Stepping ~*~*~tactically~*~*~ (retreating).
 10124 | Lair:3   | 10124 ||| Stepping ~*~*~tactically~*~*~ (retreating).
 10125 | Lair:3   | 10125 ||| Stepping ~*~*~tactically~*~*~ (retreating).
 10126 | Lair:3   | 10126 ||| Stepping ~*~*~tactically~*~*~ (retreating).
 10127 | Lair:3   | 10127 ||| Stepping ~*~*~tactically~*~*~ (retreating).
 10130 | Lair:3   | 10130 ||| Stepping ~*~*~tactically~*~*~ (retreating).
 10131 | Lair:3   | 10131 ||| INVOKING Finesse.
 10132 | Lair:3   | 10132 ||| INVOKING Heroism.
 10149 | Lair:3   | 10149 ||| Stepping ~*~*~tactically~*~*~ (retreating).
 10150 | Lair:3   | 10150 ||| Stepping ~*~*~tactically~*~*~ (retreating).
 10326 | Lair:3   | 10326 ||| RETREATING.
 10347 | Lair:3   | 10347 ||| Stepping ~*~*~tactically~*~*~ (retreating).
 10352 | Lair:3   | Gained mutation: Your large and strong wings let you fly.
                  | [Gargoyle growth]
 10352 | Lair:3   | Reached XP level 14. HP: 87/90 MP: 21/21
 10409 | Lair:3   | Found a staircase to the Shoals.
 10697 | Lair:4   | 10697 ||| RETREATING.
 10700 | Lair:4   | 10700 ||| Stepping ~*~*~tactically~*~*~ (retreating).
 10701 | Lair:4   | 10701 ||| Stepping ~*~*~tactically~*~*~ (retreating).
 10702 | Lair:4   | 10702 ||| Stepping ~*~*~tactically~*~*~ (retreating).
 10703 | Lair:4   | 10703 ||| Stepping ~*~*~tactically~*~*~ (retreating).
 10704 | Lair:4   | 10704 ||| Stepping ~*~*~tactically~*~*~ (retreating).
 10705 | Lair:4   | 10705 ||| Stepping ~*~*~tactically~*~*~ (retreating).
 10706 | Lair:4   | 10706 ||| Stepping ~*~*~tactically~*~*~ (retreating).
 11065 | Lair:4   | 11065 ||| READING scroll labelled DAITHU TOISHRA.
 11085 | Lair:5   | Entered Level 5 of the Lair of Beasts
 11086 | Lair:5   | 11086 ||| Stepping ~*~*~tactically~*~*~ (retreating).
 11087 | Lair:5   | 11087 ||| INVOKING Heroism.
 11091 | Lair:5   | 11091 ||| Stepping ~*~*~tactically~*~*~ (retreating).
 11092 | Lair:5   | 11092 ||| Stepping ~*~*~tactically~*~*~ (retreating).
 11093 | Lair:5   | 11093 ||| Stepping ~*~*~tactically~*~*~ (retreating).
 11094 | Lair:5   | 11094 ||| Stepping ~*~*~tactically~*~*~ (retreating).
 11095 | Lair:5   | 11095 ||| Stepping ~*~*~tactically~*~*~ (retreating).
 11096 | Lair:5   | 11096 ||| Stepping ~*~*~tactically~*~*~ (retreating).
 11097 | Lair:5   | 11097 ||| Stepping ~*~*~tactically~*~*~ (retreating).
 11098 | Lair:5   | 11098 ||| Stepping ~*~*~tactically~*~*~ (retreating).
 11122 | Lair:5   | 11122 ||| INVOKING Heroism.
 11124 | Lair:5   | HP: 20/90 [death yak (14)]
 11125 | Lair:5   | 11125 ||| READING 6 scrolls of teleportation.
 11126 | Lair:5   | 11126 ||| DRINKING potion of heal wounds.
 11271 | Lair:5   | 11271 ||| INVOKING Heroism.
 11277 | Lair:5   | 11277 ||| RETREATING.
 11293 | Lair:5   | 11293 ||| Stepping ~*~*~tactically~*~*~ (retreating).
 11294 | Lair:5   | 11294 ||| Stepping ~*~*~tactically~*~*~ (retreating).
 11295 | Lair:5   | 11295 ||| Stepping ~*~*~tactically~*~*~ (retreating).
 11296 | Lair:5   | 11296 ||| Stepping ~*~*~tactically~*~*~ (retreating).
 11297 | Lair:5   | 11297 ||| Stepping ~*~*~tactically~*~*~ (retreating).
 11313 | Lair:5   | Reached skill level 18 in Ranged Weapons
 11345 | Lair:5   | 11345 ||| INVOKING Heroism.
 11361 | Lair:5   | 11361 ||| INVOKING Heroism.
 11370 | Lair:5   | 11370 ||| Stepping ~*~*~tactically~*~*~ (retreating).
 11376 | Lair:5   | 11376 ||| Stepping ~*~*~tactically~*~*~ (retreating).
 11377 | Lair:5   | 11377 ||| Stepping ~*~*~tactically~*~*~ (retreating).
 11378 | Lair:5   | 11378 ||| Stepping ~*~*~tactically~*~*~ (retreating).
 11379 | Lair:5   | 11379 ||| Stepping ~*~*~tactically~*~*~ (retreating).
 11380 | Lair:5   | 11380 ||| Stepping ~*~*~tactically~*~*~ (retreating).
 11381 | Lair:5   | 11381 ||| Stepping ~*~*~tactically~*~*~ (retreating).
 11382 | Lair:5   | 11382 ||| Stepping ~*~*~tactically~*~*~ (retreating).
 11383 | Lair:5   | 11383 ||| Stepping ~*~*~tactically~*~*~ (retreating).
 11397 | Lair:5   | Reached skill level 12 in Fighting
 11408 | Lair:5   | 11408 ||| INVOKING Finesse.
 11644 | Lair:5   | 11644 ||| RETREATING.
 11651 | Lair:5   | 11651 ||| Stepping ~*~*~tactically~*~*~ (retreating).
 11652 | Lair:5   | 11652 ||| Stepping ~*~*~tactically~*~*~ (retreating).
 11767 | Lair:5   | 11767 ||| INVOKING Heroism.
 11768 | Lair:5   | 11768 ||| INVOKING Finesse.
 11806 | Lair:5   | 11806 ||| INVOKING Finesse.
 11835 | Lair:5   | 11835 ||| INVOKING Heroism.
 11887 | Lair:5   | Noticed a dire elephant
 11888 | Lair:5   | 11888 ||| INVOKING Heroism.
 11896 | Lair:5   | 11896 ||| RETREATING.
 11911 | Lair:5   | 11911 ||| INVOKING Heroism.
 11912 | Lair:5   | 11912 ||| Stepping ~*~*~tactically~*~*~ (retreating).
 11913 | Lair:5   | 11913 ||| Stepping ~*~*~tactically~*~*~ (retreating).
 11914 | Lair:5   | 11914 ||| Stepping ~*~*~tactically~*~*~ (retreating).
 11915 | Lair:5   | 11915 ||| Stepping ~*~*~tactically~*~*~ (retreating).
 11916 | Lair:5   | 11916 ||| Stepping ~*~*~tactically~*~*~ (retreating).
 11917 | Lair:5   | 11917 ||| Stepping ~*~*~tactically~*~*~ (retreating).
 11927 | Lair:5   | Killed a dire elephant
 12156 | Lair:5   | 12156 ||| INVOKING Heroism.
 12223 | Lair:5   | Found a viscous altar of Jiyva.
 12224 | Lair:5   | Found a staircase to the Slime Pits.
 12338 | Lair:5   | Reached XP level 15. HP: 96/96 MP: 22/22
 12338 | Lair:5   | Noticed Josephine
 12357 | Lair:5   | 12357 ||| INVOKING Heroism.
 12359 | Lair:5   | Killed Josephine
 12547 | Lair:5   | 12547 ||| Stepping ~*~*~tactically~*~*~ (retreating).
 12552 | Lair:5   | 12552 ||| INVOKING Heroism.
 12554 | Lair:5   | 12554 ||| Stepping ~*~*~tactically~*~*~ (retreating).
 12572 | Lair:5   | Reached skill level 13 in Fighting
 13009 | Lair:5   | 13009 ||| PLANNING D:1-11
 13009 | Lair:5   | 13009 ||| DROPPING amulet of guardian spirit.
 13172 | D:11     | 13172 ||| Stepping ~*~*~tactically~*~*~ (outnumbered).
 13174 | D:11     | 13174 ||| Stepping ~*~*~tactically~*~*~ (outnumbered).
 13183 | D:11     | 13183 ||| Stepping ~*~*~tactically~*~*~ (outnumbered).
 13184 | D:11     | 13184 ||| Stepping ~*~*~tactically~*~*~ (outnumbered).
 13335 | D:11     | Received a gift from Okawaru
 13729 | D:11     | Found a staircase to the Orcish Mines.
 13881 | D:11     | 13881 ||| PLANNING D
 14179 | D:12     | 14179 ||| Stepping ~*~*~tactically~*~*~ (retreating).
 14180 | D:12     | 14180 ||| RETREATING.
 14183 | D:12     | 14183 ||| Stepping ~*~*~tactically~*~*~ (retreating).
 14189 | D:12     | Reached skill level 9 in Dodging
 14291 | D:12     | Identified the +5 hand axe of Xoas {flame, rElec}
 14592 | D:12     | 14592 ||| INVOKING Heroism.
 14693 | D:12     | Found a shimmering altar of Xom.
 14771 | D:12     | 14771 ||| READING 12 scrolls of identify.
 14771 | D:12     | 14771 ||| IDENTIFYING clear potion
 14772 | D:12     | 14772 ||| DROPPING potion of attraction.
 14798 | D:13     | Found Booloefe's Distillery.
 14799 | D:13     | 14799 ||| INVOKING Heroism.
 14830 | D:13     | Identified the +1 scale mail of Dyun {Will+ Dex+5} (Okawaru
                  | gifted it to you on level 13 of the Dungeon)
 14830 | D:13     | Received a gift from Okawaru
 14973 | D:13     | 14973 ||| BUYING 2 potions of enlightenment (150 gold).
 14973 | D:13     | Bought 2 potions of enlightenment for 150 gold pieces
 14973 | D:13     | 14973 ||| BUYING 2 potions of magic (240 gold).
 14973 | D:13     | Bought 2 potions of magic for 240 gold pieces
 14973 | D:13     | 14973 ||| BUYING potion of curing (45 gold).
 14973 | D:13     | Bought a potion of curing for 45 gold pieces
 14973 | D:13     | 14973 ||| BUYING potion of curing (45 gold).
 14973 | D:13     | Bought a potion of curing for 45 gold pieces
 14973 | D:13     | 14973 ||| BUYING potion of haste (150 gold).
 14973 | D:13     | Bought a potion of haste for 150 gold pieces
 14973 | D:13     | 14973 ||| BUYING potion of haste (150 gold).
 14973 | D:13     | Bought a potion of haste for 150 gold pieces
 15094 | D:13     | Found a radiant altar of Vehumet.
 15526 | D:14     | 15526 ||| FLEEEEING.
 15527 | D:14     | 15527 ||| FLEEEEING.
 15685 | D:14     | 15685 ||| RETREATING.
 15696 | D:14     | 15696 ||| Stepping ~*~*~tactically~*~*~ (retreating).
 15697 | D:14     | 15697 ||| Stepping ~*~*~tactically~*~*~ (retreating).
 15698 | D:14     | 15698 ||| RETREATING.
 15699 | D:14     | 15699 ||| Stepping ~*~*~tactically~*~*~ (retreating).
 15700 | D:14     | 15700 ||| Stepping ~*~*~tactically~*~*~ (retreating).
 15707 | D:14     | Reached skill level 14 in Fighting
 15711 | D:14     | 15711 ||| Stepping ~*~*~tactically~*~*~ (retreating).
 15712 | D:14     | 15712 ||| Stepping ~*~*~tactically~*~*~ (retreating).
 15713 | D:14     | 15713 ||| Stepping ~*~*~tactically~*~*~ (retreating).
 15714 | D:14     | 15714 ||| Stepping ~*~*~tactically~*~*~ (retreating).
 15715 | D:14     | 15715 ||| Stepping ~*~*~tactically~*~*~ (retreating).
 15716 | D:14     | 15716 ||| Stepping ~*~*~tactically~*~*~ (retreating).
 15727 | D:14     | 15727 ||| INVOKING Heroism.
 15738 | D:14     | 15738 ||| FLEEEEING.
 15739 | D:14     | 15739 ||| FLEEEEING.
 15740 | D:14     | 15740 ||| FLEEEEING.
 15741 | D:14     | 15741 ||| FLEEEEING.
 15742 | D:14     | 15742 ||| FLEEEEING.
 15743 | D:14     | 15743 ||| FLEEEEING.
 15744 | D:14     | 15744 ||| FLEEEEING.
 15745 | D:14     | 15745 ||| FLEEEEING.
 15746 | D:14     | 15746 ||| FLEEEEING.
 15782 | D:14     | 15782 ||| FLEEEEING.
 15786 | D:14     | 15786 ||| FLEEEEING.
 15787 | D:14     | 15787 ||| FLEEEEING.
 15788 | D:14     | 15788 ||| FLEEEEING.
 15789 | D:14     | 15789 ||| FLEEEEING.
 15790 | D:14     | 15790 ||| FLEEEEING.
 15791 | D:14     | 15791 ||| STAIRDANCE
 15894 | D:14     | Reached XP level 16. HP: 103/106 MP: 23/23
 15921 | D:14     | Found a gate to the Vaults.
 16384 | D:15     | Entered Level 15 of the Dungeon
 16537 | D:15     | 16537 ||| Stepping ~*~*~tactically~*~*~ (outnumbered).
 16539 | D:15     | 16539 ||| Stepping ~*~*~tactically~*~*~ (outnumbered).
 16541 | D:15     | 16541 ||| Stepping ~*~*~tactically~*~*~ (outnumbered).
 16641 | D:15     | Received a gift from Okawaru
 16641 | D:15     | Found the +8 storm bow {elec, penet}
 16643 | D:15     | 16643 ||| SWAPPING to +8 storm bow {elec, penet}.
 16644 | D:15     | 16644 ||| DROPPING +1 longbow of Fesoc {drain, rC+ Str+3
                  | Dex-2 SInv}.
 16649 | D:15     | Found a staircase to the Depths.
 16654 | D:15     | 16654 ||| INVOKING Heroism.
 16947 | D:15     | 16947 ||| RETREATING.
 17119 | D:15     | Reached skill level 15 in Fighting
 17141 | D:15     | Found a hazy altar of Hepliaklqana.
 17324 | D:15     | 17324 ||| PLANNING ORC
 17324 | D:15     | 17324 ||| UPGRADING to +2 helmet of see invisible.
 17334 | D:15     | 17334 ||| DROPPING +2 helmet.
 17335 | D:15     | 17335 ||| DROPPING amulet of regeneration.
 17439 | Orc:1    | Entered Level 1 of the Orcish Mines
 17440 | Orc:1    | 17440 ||| INVOKING Heroism.
 17443 | Orc:1    | 17443 ||| STAIRDANCE
 17454 | Orc:1    | 17454 ||| STAIRDANCE
 17502 | Orc:1    | 17502 ||| STAIRDANCE
 17656 | Orc:1    | 17656 ||| INVOKING Heroism.
 17787 | Orc:1    | 17787 ||| INVOKING Heroism.
 18020 | Orc:2    | Entered Level 2 of the Orcish Mines
 18020 | Orc:2    | Found Bepun Woor's General Store.
 18040 | Orc:2    | 18040 ||| FLEEEEING.
 18040 | Orc:2    | Noticed Donald
 18041 | Orc:2    | 18041 ||| INVOKING Heroism.
 18042 | Orc:2    | 18042 ||| INVOKING Finesse.
 18047 | Orc:2    | 18047 ||| DRINKING 6 potions of curing.
 18047 | Orc:2    | 18047 ||| (to cure confusion)
 18048 | Orc:2    | 18048 ||| DRINKING 5 potions of curing.
 18048 | Orc:2    | 18048 ||| (to cure confusion)
 18055 | Orc:2    | Killed Donald
 18244 | Orc:2    | 18244 ||| BUYING potion of resistance (160 gold).
 18244 | Orc:2    | Bought a potion of resistance for 160 gold pieces
 18433 | Orc:2    | Found Zacwojeff's Weapon Shoppe.
 18485 | Orc:2    | 18485 ||| Stepping ~*~*~tactically~*~*~ (outnumbered).
 18487 | Orc:2    | 18487 ||| FLEEEEING.
 18496 | Orc:2    | 18496 ||| FLEEEEING.
 18497 | Orc:2    | 18497 ||| FLEEEEING.
 18499 | Orc:2    | 18499 ||| FLEEEEING.
 18500 | Orc:2    | 18500 ||| FLEEEEING.
 18501 | Orc:2    | 18501 ||| FLEEEEING.
 18502 | Orc:2    | 18502 ||| FLEEEEING.
 18712 | Orc:2    | Found Joczig's Book Shop.
 18737 | Orc:2    | Found a staircase to the Elven Halls.
 18916 | Orc:2    | 18916 ||| INVOKING Heroism.
 18918 | Orc:2    | 18918 ||| RETREATING.
 18998 | Orc:2    | Found Aloosch's Antique Weapon Shoppe.
 19001 | Orc:2    | Found Ugyosirph's Antique Armour Emporium.
 19013 | Orc:2    | 19013 ||| BUYING embroidered cloak (270 gold).
 19013 | Orc:2    | Bought an embroidered cloak for 270 gold pieces
 19013 | Orc:2    | 19013 ||| BUYING embroidered scarf (288 gold).
 19013 | Orc:2    | Bought an embroidered scarf for 288 gold pieces
 19013 | Orc:2    | 19013 ||| BUYING heavily runed ring mail (324 gold).
 19013 | Orc:2    | Bought a heavily runed ring mail for 324 gold pieces
 19013 | Orc:2    | Identified the +4 ring mail "Saeteapp" {rC+ Regen+} (You
                  | bought it in a shop on level 2 of the Orcish Mines)
 19013 | Orc:2    | 19013 ||| BUYING pair of boots (162 gold).
 19013 | Orc:2    | Bought a pair of boots for 162 gold pieces
 19013 | Orc:2    | 19013 ||| PLANNING SHOALS:1-3
 19013 | Orc:2    | 19013 ||| DROPPING +0 troll leather armour.
 19014 | Orc:2    | 19014 ||| DROPPING +2 cloak of stealth.
 19015 | Orc:2    | 19015 ||| UPGRADING to scarf of repulsion.
 19025 | Orc:2    | 19025 ||| UPGRADING to +4 ring mail "Saeteapp" {rC+
                  | Regen+}.
 19035 | Orc:2    | 19035 ||| DROPPING +2 robe of resistance.
 19036 | Orc:2    | 19036 ||| UPGRADING to +0 pair of boots.
 19041 | Orc:2    | 19041 ||| READING 2 scrolls of enchant armour.
 19041 | Orc:2    | 19041 ||| ENCHANTING +0 pair of boots.
 19042 | Orc:2    | 19042 ||| READING scroll of enchant armour.
 19042 | Orc:2    | 19042 ||| ENCHANTING +1 pair of boots.
 19224 | Shoals:1 | Entered Level 1 of the Shoals
 19230 | Shoals:1 | 19230 ||| STAIRDANCE
 19246 | Shoals:1 | 19246 ||| PLANNING D:1-11
 19676 | D:10     | 19676 ||| PLANNING LAIR
 19767 | Lair:5   | 19767 ||| PLANNING D:1-11
 19850 | D:11     | 19850 ||| PLANNING D
 19947 | D:15     | 19947 ||| PLANNING ORC
 20030 | Orc:2    | 20030 ||| PLANNING SHOALS:1-3
 20161 | Shoals:1 | 20161 ||| PLANNING D:1-11
 20572 | D:10     | 20572 ||| PLANNING LAIR
 20665 | Lair:5   | 20665 ||| PLANNING D:1-11
 20748 | D:11     | 20748 ||| PLANNING D
 20845 | D:15     | 20845 ||| PLANNING ORC
 20928 | Orc:2    | 20928 ||| PLANNING SPIDER:1-3
 21034 | Spider:1 | Entered Level 1 of the Spider Nest
 21060 | Spider:1 | 21060 ||| RETREATING.
 21061 | Spider:1 | 21061 ||| Stepping ~*~*~tactically~*~*~ (retreating).
 21062 | Spider:1 | 21062 ||| Stepping ~*~*~tactically~*~*~ (retreating).
 21063 | Spider:1 | 21063 ||| Stepping ~*~*~tactically~*~*~ (retreating).
 21064 | Spider:1 | 21064 ||| Stepping ~*~*~tactically~*~*~ (retreating).
 21065 | Spider:1 | 21065 ||| Stepping ~*~*~tactically~*~*~ (retreating).
 21066 | Spider:1 | 21066 ||| Stepping ~*~*~tactically~*~*~ (retreating).
 21067 | Spider:1 | 21067 ||| Stepping ~*~*~tactically~*~*~ (retreating).
 21068 | Spider:1 | 21068 ||| Stepping ~*~*~tactically~*~*~ (retreating).
 21069 | Spider:1 | 21069 ||| Stepping ~*~*~tactically~*~*~ (retreating).
 21070 | Spider:1 | 21070 ||| Stepping ~*~*~tactically~*~*~ (retreating).
 21071 | Spider:1 | 21071 ||| Stepping ~*~*~tactically~*~*~ (retreating).
 21072 | Spider:1 | 21072 ||| Stepping ~*~*~tactically~*~*~ (retreating).
 21073 | Spider:1 | 21073 ||| INVOKING Heroism.
 21084 | Spider:1 | Reached skill level 6 in Armour
 21152 | Spider:1 | Found the +27 heavy crossbow "Sniper" {heavy, Acc+∞ SInv}
 21167 | Spider:1 | 21167 ||| SWAPPING to +27 heavy crossbow "Sniper" {heavy,
                  | Acc+∞ SInv}.
 21168 | Spider:1 | 21168 ||| DROPPING +8 storm bow {elec, penet}.
 21223 | Spider:1 | 21223 ||| INVOKING Finesse.
 21225 | Spider:1 | 21225 ||| Stepping ~*~*~tactically~*~*~ (retreating).
 21226 | Spider:1 | 21226 ||| Stepping ~*~*~tactically~*~*~ (retreating).
 21227 | Spider:1 | 21227 ||| Stepping ~*~*~tactically~*~*~ (retreating).
 21228 | Spider:1 | 21228 ||| Stepping ~*~*~tactically~*~*~ (retreating).
 21229 | Spider:1 | 21229 ||| Stepping ~*~*~tactically~*~*~ (retreating).
 21285 | Spider:1 | Received a gift from Okawaru
 21374 | Spider:1 | 21374 ||| INVOKING Finesse.
 21378 | Spider:1 | 21378 ||| RETREATING.
 21383 | Spider:1 | 21383 ||| Stepping ~*~*~tactically~*~*~ (retreating).
 21384 | Spider:1 | 21384 ||| Stepping ~*~*~tactically~*~*~ (retreating).
 21545 | Spider:1 | Received a gift from Okawaru
 21561 | Spider:1 | Reached XP level 17. HP: 113/113 MP: 24/24
 21601 | Spider:1 | 21601 ||| INVOKING Finesse.
 21653 | Spider:1 | Found the +10 morningstar "Eos" {elec, Halo rElec}
 21709 | Spider:1 | 21709 ||| UPGRADING to ring of resist corrosion.
 21768 | Spider:2 | 21768 ||| Stepping ~*~*~tactically~*~*~ (retreating).
 21769 | Spider:2 | 21769 ||| Stepping ~*~*~tactically~*~*~ (retreating).
 21771 | Spider:2 | 21771 ||| INVOKING Finesse.
 21807 | Spider:2 | 21807 ||| INVOKING Heroism.
 21811 | Spider:2 | 21811 ||| Stepping ~*~*~tactically~*~*~ (retreating).
 21812 | Spider:2 | 21812 ||| Stepping ~*~*~tactically~*~*~ (retreating).
 21813 | Spider:2 | 21813 ||| Stepping ~*~*~tactically~*~*~ (retreating).
 21814 | Spider:2 | 21814 ||| Stepping ~*~*~tactically~*~*~ (retreating).
 21818 | Spider:2 | 21818 ||| Stepping ~*~*~tactically~*~*~ (retreating).
 21819 | Spider:2 | 21819 ||| Stepping ~*~*~tactically~*~*~ (retreating).
 21823 | Spider:2 | 21823 ||| Stepping ~*~*~tactically~*~*~ (retreating).
 21824 | Spider:2 | 21824 ||| Stepping ~*~*~tactically~*~*~ (retreating).
 21825 | Spider:2 | 21825 ||| INVOKING Finesse.
 21831 | Spider:2 | Reached skill level 21 in Ranged Weapons
 21870 | Spider:2 | Reached skill level 9 in Armour
 21896 | Spider:2 | Identified the scarf of Buyshruo {+Inv, rC- rN+ Str+3 Int+5
                  | Stlth-}
 21943 | Spider:2 | Identified the +1 ring mail of the Hall of Blades {Dex+3}
 22215 | Spider:2 | Found a large runed translucent door.
 22215 | Spider:2 | Found a large runed translucent door.
 22217 | Spider:2 | Noticed Secrolyq's ghost (adept GrFi)
 22256 | Spider:2 | 22256 ||| INVOKING Heroism.
 22323 | Spider:2 | 22323 ||| INVOKING Finesse.
 22325 | Spider:2 | 22325 ||| INVOKING Heroism.
 22661 | Spider:2 | 22661 ||| DROPPING scarf of Buyshruo {+Inv, rC- rN+ Str+3
                  | Int+5 Stlth-}.
 22680 | Spider:3 | 22680 ||| RETREATING.
 22682 | Spider:3 | 22682 ||| Stepping ~*~*~tactically~*~*~ (retreating).
 22683 | Spider:3 | 22683 ||| Stepping ~*~*~tactically~*~*~ (retreating).
 22684 | Spider:3 | 22684 ||| Stepping ~*~*~tactically~*~*~ (retreating).
 22685 | Spider:3 | 22685 ||| Stepping ~*~*~tactically~*~*~ (retreating).
 22686 | Spider:3 | 22686 ||| Stepping ~*~*~tactically~*~*~ (retreating).
 22687 | Spider:3 | 22687 ||| Stepping ~*~*~tactically~*~*~ (retreating).
 22688 | Spider:3 | 22688 ||| Stepping ~*~*~tactically~*~*~ (retreating).
 22689 | Spider:3 | 22689 ||| INVOKING Heroism.
 22810 | Spider:3 | 22810 ||| INVOKING Heroism.
 22933 | Spider:3 | 22933 ||| Stepping ~*~*~tactically~*~*~ (outnumbered).
 23056 | Spider:3 | 23056 ||| INVOKING Heroism.
 23164 | Spider:3 | 23164 ||| INVOKING Heroism.
 23247 | Spider:3 | Noticed Bai Suzhen
 23248 | Spider:3 | 23248 ||| INVOKING Heroism.
 23249 | Spider:3 | 23249 ||| INVOKING Finesse.
 23252 | Spider:3 | 23252 ||| RETREATING.
 23255 | Spider:3 | Killed Bai Suzhen
 23256 | Spider:3 | Reached skill level 16 in Fighting
 23424 | Spider:3 | Noticed Louise
 23427 | Spider:3 | Killed Louise
 23551 | Spider:3 | 23551 ||| PLANNING SHOALS:1-3
 23551 | Spider:3 | 23551 ||| DROPPING ring of wizardry.
 23689 | Shoals:1 | Found Apre Hoa's Weapon Shop.
 23695 | Shoals:1 | 23695 ||| INVOKING Heroism.
 23756 | Shoals:1 | Found a one-way gate to the infinite horrors of the Abyss.
 23777 | Shoals:1 | Found a corrupted altar of Lugonu.
 23801 | Shoals:1 | Reached XP level 18. HP: 109/121 MP: 25/25
 23805 | Shoals:1 | 23805 ||| Stepping ~*~*~tactically~*~*~ (retreating).
 23806 | Shoals:1 | 23806 ||| Stepping ~*~*~tactically~*~*~ (retreating).
 23807 | Shoals:1 | 23807 ||| Stepping ~*~*~tactically~*~*~ (retreating).
 23808 | Shoals:1 | 23808 ||| Stepping ~*~*~tactically~*~*~ (retreating).
 23809 | Shoals:1 | 23809 ||| Stepping ~*~*~tactically~*~*~ (retreating).
 23810 | Shoals:1 | 23810 ||| Stepping ~*~*~tactically~*~*~ (retreating).
 23811 | Shoals:1 | 23811 ||| Stepping ~*~*~tactically~*~*~ (retreating).
 23812 | Shoals:1 | 23812 ||| Stepping ~*~*~tactically~*~*~ (retreating).
 23813 | Shoals:1 | 23813 ||| Stepping ~*~*~tactically~*~*~ (retreating).
 23814 | Shoals:1 | 23814 ||| Stepping ~*~*~tactically~*~*~ (retreating).
 23815 | Shoals:1 | 23815 ||| Stepping ~*~*~tactically~*~*~ (retreating).
 23816 | Shoals:1 | Received a gift from Okawaru
 23822 | Shoals:1 | 23822 ||| INVOKING Heroism.
 23876 | Shoals:1 | 23876 ||| INVOKING Heroism.
 23911 | Shoals:1 | Reached skill level 17 in Fighting
 24244 | Shoals:1 | Found a runed translucent gate.
 24245 | Shoals:1 | Found a runed translucent gate.
 24247 | Shoals:1 | Noticed qw's ghost (journeyman DEHu)
 24248 | Shoals:1 | Found a runed translucent gate.
 24324 | Shoals:1 | 24324 ||| INVOKING Heroism.
 24422 | Shoals:1 | 24422 ||| READING scroll labelled SIFOJO CITUA.
 24445 | Shoals:1 | 24445 ||| READING 18 scrolls of identify.
 24445 | Shoals:1 | 24445 ||| IDENTIFYING lumpy green potion
 24446 | Shoals:1 | 24446 ||| DROPPING potion of brilliance.
 24483 | Shoals:2 | Noticed Polyphemus
 24483 | Shoals:2 | 24483 ||| INVOKING Heroism.
 24490 | Shoals:2 | Killed Polyphemus
 24701 | Shoals:2 | 24701 ||| INVOKING Heroism.
 24716 | Shoals:2 | 24716 ||| RETREATING.
 24758 | Shoals:2 | 24758 ||| RETREATING.
 24764 | Shoals:2 | 24764 ||| Stepping ~*~*~tactically~*~*~ (outnumbered).
 24949 | Shoals:2 | Reached skill level 18 in Fighting
 25178 | Shoals:3 | 25178 ||| RETREATING.
 25351 | Shoals:3 | 25351 ||| INVOKING Heroism.
 25463 | Shoals:3 | 25463 ||| Stepping ~*~*~tactically~*~*~ (outnumbered).
 25492 | Shoals:3 | 25492 ||| INVOKING Heroism.
 25732 | Shoals:3 | 25732 ||| FLEEEEING.
 25733 | Shoals:3 | 25733 ||| FLEEEEING.
 25734 | Shoals:3 | 25734 ||| FLEEEEING.
 25735 | Shoals:3 | 25735 ||| FLEEEEING.
 25832 | Shoals:3 | 25832 ||| PLANNING SPIDER:4
 26021 | Spider:4 | Entered Level 4 of the Spider Nest
 26023 | Spider:4 | 26023 ||| STAIRDANCE
 26029 | Spider:4 | 26029 ||| INVOKING Finesse.
 26032 | Spider:4 | 26032 ||| STAIRDANCE
 26034 | Spider:3 | 26034 ||| INVOKING Heroism.
 26068 | Spider:4 | 26068 ||| STAIRDANCE
 26070 | Spider:3 | 26070 ||| INVOKING Heroism.
 26082 | Spider:4 | 26082 ||| STAIRDANCE
 26098 | Spider:4 | 26098 ||| RETREATING.
 26102 | Spider:4 | 26102 ||| Stepping ~*~*~tactically~*~*~ (retreating).
 26103 | Spider:4 | 26103 ||| Stepping ~*~*~tactically~*~*~ (retreating).
 26104 | Spider:4 | 26104 ||| Stepping ~*~*~tactically~*~*~ (retreating).
 26105 | Spider:4 | 26105 ||| Stepping ~*~*~tactically~*~*~ (retreating).
 26106 | Spider:4 | 26106 ||| Stepping ~*~*~tactically~*~*~ (retreating).
 26107 | Spider:4 | 26107 ||| Stepping ~*~*~tactically~*~*~ (retreating).
 26108 | Spider:4 | 26108 ||| Stepping ~*~*~tactically~*~*~ (retreating).
 26109 | Spider:4 | 26109 ||| INVOKING Heroism.
 26111 | Spider:4 | 26111 ||| Stepping ~*~*~tactically~*~*~ (retreating).
 26112 | Spider:4 | 26112 ||| Stepping ~*~*~tactically~*~*~ (retreating).
 26113 | Spider:4 | 26113 ||| Stepping ~*~*~tactically~*~*~ (retreating).
 26119 | Spider:4 | 26119 ||| Stepping ~*~*~tactically~*~*~ (outnumbered).
 26128 | Spider:4 | Reached skill level 19 in Fighting
 26128 | Spider:4 | 26128 ||| RETREATING.
 26129 | Spider:4 | 26129 ||| INVOKING Heroism.
 26137 | Spider:4 | 26137 ||| INVOKING Finesse.
 26229 | Spider:4 | 26229 ||| INVOKING Heroism.
 26346 | Spider:4 | 26346 ||| RETREATING.
 26347 | Spider:4 | 26347 ||| Stepping ~*~*~tactically~*~*~ (retreating).
 26348 | Spider:4 | 26348 ||| Stepping ~*~*~tactically~*~*~ (retreating).
 26349 | Spider:4 | 26349 ||| Stepping ~*~*~tactically~*~*~ (retreating).
 26350 | Spider:4 | 26350 ||| INVOKING Heroism.
 26352 | Spider:4 | 26352 ||| Stepping ~*~*~tactically~*~*~ (retreating).
 26353 | Spider:4 | 26353 ||| Stepping ~*~*~tactically~*~*~ (retreating).
 26354 | Spider:4 | 26354 ||| Stepping ~*~*~tactically~*~*~ (retreating).
 26355 | Spider:4 | 26355 ||| Stepping ~*~*~tactically~*~*~ (retreating).
 26356 | Spider:4 | 26356 ||| Stepping ~*~*~tactically~*~*~ (retreating).
 26357 | Spider:4 | 26357 ||| Stepping ~*~*~tactically~*~*~ (retreating).
 26380 | Spider:4 | Reached XP level 19. HP: 84/132 MP: 3/26
 26383 | Spider:4 | Reached skill level 12 in Dodging
 26386 | Spider:4 | 26386 ||| INVOKING Heroism.
 26528 | Spider:4 | Got a gossamer rune of Zot
 26722 | Spider:4 | 26722 ||| FLEEEEING.
 26723 | Spider:4 | 26723 ||| FLEEEEING.
 26724 | Spider:4 | 26724 ||| FLEEEEING.
 26725 | Spider:4 | 26725 ||| STAIRDANCE
 26727 | Spider:3 | 26727 ||| DROPPING scarf of repulsion.
 26728 | Spider:3 | 26728 ||| DROPPING +1 hat.
 26901 | Spider:4 | 26901 ||| PLANNING VAULTS:1-4
 27179 | Vaults:1 | Entered Level 1 of the Vaults
 27187 | Vaults:1 | Reached skill level 12 in Armour
 27204 | Vaults:1 | 27204 ||| RETREATING.
 27207 | Vaults:1 | 27207 ||| INVOKING Heroism.
 27208 | Vaults:1 | 27208 ||| Stepping ~*~*~tactically~*~*~ (retreating).
 27209 | Vaults:1 | 27209 ||| RETREATING.
 27214 | Vaults:1 | 27214 ||| Stepping ~*~*~tactically~*~*~ (retreating).
 27215 | Vaults:1 | 27215 ||| INVOKING Finesse.
 27338 | Vaults:1 | 27338 ||| RETREATING.
 27389 | Vaults:1 | Identified the +4 battleaxe "Killer Klown's Curse" {freeze,
                  | *Slow rElec Int+3}
 27405 | Vaults:1 | Reached skill level 20 in Fighting
 27440 | Vaults:1 | Found Woziyquqi's Antique Armour Shoppe.
 27558 | Vaults:1 | Noticed Zenata
 27559 | Vaults:1 | 27559 ||| INVOKING Heroism.
 27560 | Vaults:1 | 27560 ||| INVOKING Finesse.
 27562 | Vaults:1 | Killed Zenata
 27623 | Vaults:1 | 27623 ||| RETREATING.
 27625 | Vaults:1 | 27625 ||| Stepping ~*~*~tactically~*~*~ (retreating).
 27626 | Vaults:1 | 27626 ||| Stepping ~*~*~tactically~*~*~ (retreating).
 27627 | Vaults:1 | 27627 ||| Stepping ~*~*~tactically~*~*~ (retreating).
 27628 | Vaults:1 | 27628 ||| Stepping ~*~*~tactically~*~*~ (retreating).
 27629 | Vaults:1 | 27629 ||| Stepping ~*~*~tactically~*~*~ (retreating).
 27631 | Vaults:1 | 27631 ||| Stepping ~*~*~tactically~*~*~ (retreating).
 27632 | Vaults:1 | 27632 ||| Stepping ~*~*~tactically~*~*~ (retreating).
 27638 | Vaults:1 | 27638 ||| INVOKING Heroism.
 27733 | Vaults:1 | 27733 ||| RETREATING.
 27734 | Vaults:1 | 27734 ||| INVOKING Heroism.
 27736 | Vaults:1 | 27736 ||| INVOKING Finesse.
 27737 | Vaults:1 | 27737 ||| Stepping ~*~*~tactically~*~*~ (retreating).
 27780 | Vaults:1 | 27780 ||| RETREATING.
 27782 | Vaults:1 | 27782 ||| INVOKING Heroism.
 27783 | Vaults:1 | 27783 ||| INVOKING Finesse.
 27829 | Vaults:1 | 27829 ||| INVOKING Heroism.
 27830 | Vaults:1 | 27830 ||| INVOKING Finesse.
 27901 | Vaults:1 | 27901 ||| Stepping ~*~*~tactically~*~*~ (outnumbered).
 27904 | Vaults:1 | 27904 ||| Stepping ~*~*~tactically~*~*~ (retreating).
 27905 | Vaults:1 | 27905 ||| RETREATING.
 27911 | Vaults:1 | 27911 ||| FLEEEEING.
 27912 | Vaults:1 | 27912 ||| FLEEEEING.
 27913 | Vaults:1 | 27913 ||| FLEEEEING.
 27914 | Vaults:1 | 27914 ||| FLEEEEING.
 27915 | Vaults:1 | 27915 ||| FLEEEEING.
 27917 | Vaults:1 | 27917 ||| FLEEEEING.
 27918 | Vaults:1 | 27918 ||| FLEEEEING.
 27919 | Vaults:1 | 27919 ||| FLEEEEING.
 27938 | Vaults:1 | 27938 ||| Stepping ~*~*~tactically~*~*~ (retreating).
 27939 | Vaults:1 | 27939 ||| Stepping ~*~*~tactically~*~*~ (retreating).
 27940 | Vaults:1 | 27940 ||| Stepping ~*~*~tactically~*~*~ (retreating).
 27942 | Vaults:1 | 27942 ||| Stepping ~*~*~tactically~*~*~ (retreating).
 27943 | Vaults:1 | 27943 ||| Stepping ~*~*~tactically~*~*~ (retreating).
 27944 | Vaults:1 | 27944 ||| Stepping ~*~*~tactically~*~*~ (retreating).
 28127 | Vaults:1 | 28127 ||| Stepping ~*~*~tactically~*~*~ (outnumbered).
 28342 | Vaults:2 | 28342 ||| PLANNING D:1-11
 28654 | D:3      | 28654 ||| PLANNING LAIR
 28861 | Lair:5   | 28861 ||| PLANNING D:1-11
 29173 | D:11     | 29173 ||| PLANNING D
 29270 | D:15     | 29270 ||| PLANNING ORC
 29353 | Orc:2    | 29353 ||| PLANNING SPIDER:1-3
 29585 | Spider:3 | 29585 ||| PLANNING SHOALS:1-3
 29745 | Shoals:3 | 29745 ||| PLANNING SPIDER:4
 29908 | Spider:4 | 29908 ||| PLANNING VAULTS:1-4
 30197 | Vaults:2 | 30197 ||| PLANNING D:1-11
 30197 | Vaults:2 | 30197 ||| INVOKING Heroism.
 30198 | Vaults:2 | 30198 ||| INVOKING Finesse.
 30552 | D:3      | 30552 ||| PLANNING LAIR
 30759 | Lair:5   | 30759 ||| PLANNING D:1-11
 31071 | D:11     | 31071 ||| PLANNING D
 31168 | D:15     | 31168 ||| PLANNING ORC
 31251 | Orc:2    | 31251 ||| PLANNING SPIDER:1-3
 31483 | Spider:3 | 31483 ||| PLANNING SHOALS:1-3
 31644 | Shoals:3 | 31644 ||| PLANNING SPIDER:4
 31802 | Spider:4 | 31802 ||| PLANNING VAULTS:1-4
 32056 | Vaults:2 | 32056 ||| PLANNING D:1-11
 32363 | D:3      | 32363 ||| PLANNING LAIR
 32570 | Lair:5   | 32570 ||| PLANNING D:1-11
 32882 | D:11     | 32882 ||| PLANNING D
 32979 | D:15     | 32979 ||| PLANNING ORC
 33062 | Orc:2    | 33062 ||| PLANNING SPIDER:1-3
 33293 | Spider:3 | 33293 ||| PLANNING SHOALS:1-3
 33454 | Shoals:3 | 33454 ||| PLANNING SPIDER:4
 33612 | Spider:4 | 33612 ||| PLANNING VAULTS:1-4
 33874 | Vaults:2 | 33874 ||| PLANNING D:1-11
 34179 | D:3      | 34179 ||| PLANNING LAIR
 34386 | Lair:5   | 34386 ||| PLANNING D:1-11
 34698 | D:11     | 34698 ||| PLANNING D
 34795 | D:15     | 34795 ||| PLANNING ORC
 34878 | Orc:2    | 34878 ||| PLANNING SPIDER:1-3
 35109 | Spider:3 | 35109 ||| PLANNING SHOALS:1-3
 35269 | Shoals:3 | 35269 ||| PLANNING SPIDER:4
 35428 | Spider:4 | 35428 ||| PLANNING VAULTS:1-4
 35709 | Vaults:2 | Identified the +0 scale mail "Qohor" {Regen+}
 35710 | Vaults:2 | 35710 ||| PLANNING D:1-11
 36034 | D:3      | 36034 ||| PLANNING LAIR
 36241 | Lair:5   | 36241 ||| PLANNING D:1-11
 36553 | D:11     | 36553 ||| PLANNING D
 36650 | D:15     | 36650 ||| PLANNING ORC
 36733 | Orc:2    | 36733 ||| PLANNING SHOALS:1-3
 36904 | Shoals:3 | 36904 ||| PLANNING SPIDER:1-3
 37106 | Spider:3 | 37106 ||| PLANNING SHOALS:4
 37261 | Shoals:4 | Entered Level 4 of the Shoals
 37262 | Shoals:4 | 37262 ||| INVOKING Heroism.
 37278 | Shoals:4 | Noticed Mlioglotl
 37281 | Shoals:4 | 37281 ||| Stepping ~*~*~tactically~*~*~ (retreating).
 37282 | Shoals:4 | 37282 ||| Stepping ~*~*~tactically~*~*~ (retreating).
 37283 | Shoals:4 | 37283 ||| RETREATING.
 37284 | Shoals:4 | 37284 ||| STAIRDANCE
 37287 | Shoals:3 | Killed Mlioglotl
 37319 | Shoals:4 | 37319 ||| RETREATING.
 37371 | Shoals:4 | 37371 ||| INVOKING Heroism.
 37409 | Shoals:4 | 37409 ||| RETREATING.
 37414 | Shoals:4 | Reached skill level 21 in Fighting
 37490 | Shoals:4 | Reached XP level 20. HP: 144/144 MP: 27/27
 37521 | Shoals:4 | 37521 ||| INVOKING Heroism.
 37794 | Shoals:4 | Noticed Nikola
 37806 | Shoals:4 | Killed Nikola
 37825 | Shoals:4 | Got a barnacled rune of Zot
 38012 | Shoals:4 | 38012 ||| PLANNING VAULTS:1-4
 38022 | Shoals:4 | 38022 ||| INVOKING Heroism.
 38321 | Vaults:2 | 38321 ||| PLANNING D:1-11
 38639 | D:3      | 38639 ||| PLANNING LAIR
 38846 | Lair:5   | 38846 ||| PLANNING D:1-11
 39158 | D:11     | 39158 ||| PLANNING D
 39255 | D:15     | 39255 ||| PLANNING ORC
 39338 | Orc:2    | 39338 ||| PLANNING SPIDER:1-3
 39570 | Spider:3 | 39570 ||| PLANNING SHOALS:1-3
 39730 | Shoals:3 | 39730 ||| PLANNING SPIDER:4
 39889 | Spider:4 | 39889 ||| PLANNING VAULTS:1-4
 40151 | Vaults:2 | 40151 ||| PLANNING D:1-11
 40465 | D:3      | 40465 ||| PLANNING LAIR
 40672 | Lair:5   | 40672 ||| PLANNING D:1-11
 40984 | D:11     | 40984 ||| PLANNING D
 41081 | D:15     | 41081 ||| PLANNING ORC
 41164 | Orc:2    | 41164 ||| PLANNING SPIDER:1-3
 41395 | Spider:3 | 41395 ||| PLANNING SHOALS:1-3
 41558 | Shoals:3 | 41558 ||| PLANNING SPIDER:4
 41717 | Spider:4 | 41717 ||| PLANNING VAULTS:1-4
 41985 | Vaults:2 | 41985 ||| PLANNING D:1-11
 42305 | D:3      | 42305 ||| PLANNING LAIR
 42512 | Lair:5   | 42512 ||| PLANNING D:1-11
 42824 | D:11     | 42824 ||| PLANNING D
 42921 | D:15     | 42921 ||| PLANNING ORC
 43004 | Orc:2    | 43004 ||| PLANNING SPIDER:1-3
 43238 | Spider:3 | 43238 ||| PLANNING SHOALS:1-3
 43398 | Shoals:3 | 43398 ||| PLANNING SPIDER:4
 43557 | Spider:4 | 43557 ||| PLANNING VAULTS:1-4
 43842 | Vaults:2 | 43842 ||| PLANNING D:1-11
 44181 | D:3      | 44181 ||| PLANNING LAIR
 44388 | Lair:5   | 44388 ||| PLANNING D:1-11
 44700 | D:11     | 44700 ||| PLANNING D
 44797 | D:15     | 44797 ||| PLANNING ORC
 44880 | Orc:2    | 44880 ||| PLANNING SPIDER:1-3
 45111 | Spider:3 | 45111 ||| PLANNING SHOALS:1-3
 45271 | Shoals:3 | 45271 ||| PLANNING SPIDER:4
 45429 | Spider:4 | 45429 ||| PLANNING VAULTS:1-4
 45694 | Vaults:2 | 45694 ||| PLANNING D:1-11
 46007 | D:3      | 46007 ||| PLANNING LAIR
 46214 | Lair:5   | 46214 ||| PLANNING D:1-11
 46526 | D:11     | 46526 ||| PLANNING D
 46623 | D:15     | 46623 ||| PLANNING ORC
 46706 | Orc:2    | 46706 ||| PLANNING SPIDER:1-3
 46937 | Spider:3 | 46937 ||| PLANNING SHOALS:1-3
 47099 | Shoals:3 | 47099 ||| PLANNING SPIDER:4
 47260 | Spider:4 | 47260 ||| PLANNING VAULTS:1-4
 47604 | Vaults:2 | 47604 ||| RETREATING.
 47729 | Vaults:2 | 47729 ||| Stepping ~*~*~tactically~*~*~ (outnumbered).
 47781 | Vaults:2 | 47781 ||| Stepping ~*~*~tactically~*~*~ (outnumbered).
 47783 | Vaults:2 | 47783 ||| RETREATING.
 47855 | Vaults:2 | 47855 ||| FLEEEEING.
 47856 | Vaults:2 | 47856 ||| FLEEEEING.
 47857 | Vaults:2 | 47857 ||| FLEEEEING.
 47858 | Vaults:2 | 47858 ||| FLEEEEING.
 47863 | Vaults:2 | Paralysed by a sphinx for 5 turns
 47867 | Vaults:2 | 47867 ||| INVOKING Heroism.
 47867 | Vaults:2 | HP: 35/144 [sphinx (15)]
 47868 | Vaults:2 | 47868 ||| READING 15 scrolls of teleportation.
 47869 | Vaults:2 | 47869 ||| DRINKING 4 potions of heal wounds.
 47870 | Vaults:2 | Paralysed by a sphinx for 4 turns
 47892 | Vaults:2 | 47892 ||| FLEEEEING.
 47909 | Vaults:2 | 47909 ||| FLEEEEING.
 47910 | Vaults:2 | 47910 ||| FLEEEEING.
 47911 | Vaults:2 | 47911 ||| FLEEEEING.
 47959 | Vaults:2 | 47959 ||| FLEEEEING.
 47960 | Vaults:2 | 47960 ||| FLEEEEING.
 47961 | Vaults:2 | 47961 ||| FLEEEEING.
 47962 | Vaults:2 | 47962 ||| FLEEEEING.
 47963 | Vaults:2 | 47963 ||| FLEEEEING.
 47964 | Vaults:2 | 47964 ||| FLEEEEING.
 47965 | Vaults:2 | 47965 ||| FLEEEEING.
 47966 | Vaults:2 | 47966 ||| FLEEEEING.
 47967 | Vaults:2 | 47967 ||| FLEEEEING.
 47971 | Vaults:2 | 47971 ||| STAIRDANCE
 47980 | Vaults:2 | 47980 ||| PLANNING D:1-11
 47983 | Vaults:2 | 47983 ||| FLEEEEING.
 47987 | Vaults:2 | 47987 ||| STAIRDANCE
 48291 | D:3      | 48291 ||| PLANNING LAIR
 48498 | Lair:5   | 48498 ||| PLANNING D:1-11
 48810 | D:11     | 48810 ||| PLANNING D
 48907 | D:15     | 48907 ||| PLANNING ORC
 48990 | Orc:2    | 48990 ||| PLANNING SHOALS:1-3
 49161 | Shoals:3 | 49161 ||| PLANNING SPIDER:1-3
 49364 | Spider:3 | 49364 ||| PLANNING SHOALS:4
 49522 | Shoals:4 | 49522 ||| PLANNING VAULTS:1-4
 50068 | Vaults:2 | 50068 ||| Stepping ~*~*~tactically~*~*~ (retreating).
 50069 | Vaults:2 | 50069 ||| Stepping ~*~*~tactically~*~*~ (outnumbered).
 50070 | Vaults:2 | 50070 ||| Stepping ~*~*~tactically~*~*~ (outnumbered).
 50081 | Vaults:2 | 50081 ||| Stepping ~*~*~tactically~*~*~ (retreating).
 50082 | Vaults:2 | 50082 ||| Stepping ~*~*~tactically~*~*~ (retreating).
 50085 | Vaults:2 | 50085 ||| Stepping ~*~*~tactically~*~*~ (outnumbered).
 50086 | Vaults:2 | 50086 ||| INVOKING Heroism.
 50113 | Vaults:2 | 50113 ||| INVOKING Heroism.
 50114 | Vaults:2 | 50114 ||| DRINKING 6 potions of curing.
 50114 | Vaults:2 | 50114 ||| (to cure confusion)
 50366 | Vaults:2 | Found Othuh's Weapon Shop.
 50423 | Vaults:2 | 50423 ||| UPGRADING to amulet of faith.
 50491 | Vaults:3 | Noticed Asterion
 50492 | Vaults:3 | 50492 ||| Stepping ~*~*~tactically~*~*~ (outnumbered).
 50494 | Vaults:3 | 50494 ||| Stepping ~*~*~tactically~*~*~ (outnumbered).
 50496 | Vaults:3 | 50496 ||| Stepping ~*~*~tactically~*~*~ (outnumbered).
 50499 | Vaults:3 | 50499 ||| INVOKING Heroism.
 50500 | Vaults:3 | Killed Asterion
 50503 | Vaults:3 | Reached skill level 22 in Fighting
 50512 | Vaults:3 | Identified the +7 falchion "Huyriy" {antimagic, *Rage
                  | Str+6}
 50545 | Vaults:3 | Noticed Xtahua
 50546 | Vaults:3 | 50546 ||| DRINKING 2 potions of resistance.
 50548 | Vaults:3 | Killed Xtahua
 50616 | Vaults:3 | Found a staircase to the Crypt.
 50656 | Vaults:3 | Found Vuavvamm's Weapon Boutique.
 50719 | Vaults:3 | 50719 ||| RETREATING.
 50720 | Vaults:3 | 50720 ||| Stepping ~*~*~tactically~*~*~ (retreating).
 50730 | Vaults:3 | 50730 ||| Stepping ~*~*~tactically~*~*~ (retreating).
 50763 | Vaults:3 | 50763 ||| Stepping ~*~*~tactically~*~*~ (retreating).
 51026 | Vaults:3 | Identified the +0 buckler of the Salamander {Harm rF+
                  | Str+3} (Okawaru gifted it to you on level 3 of the Vaults)
 51026 | Vaults:3 | Received a gift from Okawaru
 51138 | Vaults:3 | 51138 ||| Stepping ~*~*~tactically~*~*~ (retreating).
 51139 | Vaults:3 | 51139 ||| Stepping ~*~*~tactically~*~*~ (retreating).
 51140 | Vaults:3 | 51140 ||| Stepping ~*~*~tactically~*~*~ (retreating).
 51141 | Vaults:3 | 51141 ||| RETREATING.
 51144 | Vaults:3 | 51144 ||| Stepping ~*~*~tactically~*~*~ (retreating).
 51145 | Vaults:3 | 51145 ||| Stepping ~*~*~tactically~*~*~ (retreating).
 51151 | Vaults:3 | Reached XP level 21. HP: 138/152 MP: 28/28
 51544 | Vaults:4 | 51544 ||| PLANNING DESOLATION
 51580 | Vaults:4 | Noticed Boris
 51581 | Vaults:4 | 51581 ||| INVOKING Heroism.
 51582 | Vaults:4 | 51582 ||| INVOKING Finesse.
 51584 | Vaults:4 | Killed Boris
 51665 | Vaults:4 | 51665 ||| RETREATING.
 51667 | Vaults:4 | 51667 ||| Stepping ~*~*~tactically~*~*~ (retreating).
 51668 | Vaults:4 | 51668 ||| Stepping ~*~*~tactically~*~*~ (retreating).
 51669 | Vaults:4 | 51669 ||| Stepping ~*~*~tactically~*~*~ (retreating).
 51670 | Vaults:4 | 51670 ||| Stepping ~*~*~tactically~*~*~ (retreating).
 51671 | Vaults:4 | 51671 ||| Stepping ~*~*~tactically~*~*~ (retreating).
 51673 | Vaults:4 | 51673 ||| Stepping ~*~*~tactically~*~*~ (retreating).
 51749 | Vaults:4 | 51749 ||| Stepping ~*~*~tactically~*~*~ (outnumbered).
 51752 | Vaults:4 | 51752 ||| Stepping ~*~*~tactically~*~*~ (outnumbered).
 51792 | Vaults:4 | 51792 ||| Stepping ~*~*~tactically~*~*~ (outnumbered).
 52011 | Vaults:4 | 52011 ||| RETREATING.
 52012 | Vaults:4 | 52012 ||| Stepping ~*~*~tactically~*~*~ (retreating).
 52018 | Vaults:4 | 52018 ||| Stepping ~*~*~tactically~*~*~ (retreating).
 52019 | Vaults:4 | 52019 ||| Stepping ~*~*~tactically~*~*~ (retreating).
 52020 | Vaults:4 | 52020 ||| Stepping ~*~*~tactically~*~*~ (retreating).
 52026 | Vaults:4 | Reached skill level 15 in Dodging
 52047 | Vaults:4 | 52047 ||| INVOKING Heroism.
 52056 | Vaults:4 | HP: 35/152 [ironbound thunderhulk/bolt of lightning (13)]
 52057 | Vaults:4 | 52057 ||| READING 15 scrolls of teleportation.
 52058 | Vaults:4 | 52058 ||| DRINKING 4 potions of heal wounds.
 52202 | Vaults:4 | 52202 ||| RIP DESOLATION
 52237 | Vaults:4 | 52237 ||| PLANNING VAULTS:1-4
 52253 | Vaults:4 | 52253 ||| Stepping ~*~*~tactically~*~*~ (retreating).
 52254 | Vaults:4 | 52254 ||| RETREATING.
 52255 | Vaults:4 | 52255 ||| RETREATING.
 52273 | Vaults:4 | 52273 ||| Stepping ~*~*~tactically~*~*~ (retreating).
 52284 | Vaults:4 | 52284 ||| Stepping ~*~*~tactically~*~*~ (retreating).
 52285 | Vaults:4 | 52285 ||| Stepping ~*~*~tactically~*~*~ (retreating).
 52286 | Vaults:4 | 52286 ||| Stepping ~*~*~tactically~*~*~ (retreating).
 52287 | Vaults:4 | 52287 ||| Stepping ~*~*~tactically~*~*~ (retreating).
 52288 | Vaults:4 | 52288 ||| Stepping ~*~*~tactically~*~*~ (retreating).
 52289 | Vaults:4 | 52289 ||| Stepping ~*~*~tactically~*~*~ (retreating).
 52290 | Vaults:4 | 52290 ||| Stepping ~*~*~tactically~*~*~ (retreating).
 52291 | Vaults:4 | 52291 ||| Stepping ~*~*~tactically~*~*~ (retreating).
 52292 | Vaults:4 | 52292 ||| Stepping ~*~*~tactically~*~*~ (retreating).
 52293 | Vaults:4 | 52293 ||| Stepping ~*~*~tactically~*~*~ (retreating).
 52294 | Vaults:4 | 52294 ||| Stepping ~*~*~tactically~*~*~ (retreating).
 52295 | Vaults:4 | 52295 ||| Stepping ~*~*~tactically~*~*~ (retreating).
 52296 | Vaults:4 | 52296 ||| Stepping ~*~*~tactically~*~*~ (retreating).
 52297 | Vaults:4 | 52297 ||| Stepping ~*~*~tactically~*~*~ (retreating).
 52298 | Vaults:4 | 52298 ||| Stepping ~*~*~tactically~*~*~ (retreating).
 52299 | Vaults:4 | 52299 ||| Stepping ~*~*~tactically~*~*~ (retreating).
 52303 | Vaults:4 | 52303 ||| Stepping ~*~*~tactically~*~*~ (retreating).
 52304 | Vaults:4 | 52304 ||| Stepping ~*~*~tactically~*~*~ (retreating).
 52305 | Vaults:4 | 52305 ||| Stepping ~*~*~tactically~*~*~ (retreating).
 52309 | Vaults:4 | 52309 ||| RETREATING.
 52312 | Vaults:4 | 52312 ||| INVOKING Heroism.
 52314 | Vaults:4 | 52314 ||| Stepping ~*~*~tactically~*~*~ (retreating).
 52315 | Vaults:4 | 52315 ||| Stepping ~*~*~tactically~*~*~ (retreating).
 52316 | Vaults:4 | 52316 ||| Stepping ~*~*~tactically~*~*~ (retreating).
 52317 | Vaults:4 | 52317 ||| Stepping ~*~*~tactically~*~*~ (retreating).
 52318 | Vaults:4 | 52318 ||| Stepping ~*~*~tactically~*~*~ (retreating).
 52324 | Vaults:4 | 52324 ||| Stepping ~*~*~tactically~*~*~ (retreating).
 52325 | Vaults:4 | 52325 ||| Stepping ~*~*~tactically~*~*~ (retreating).
 52326 | Vaults:4 | 52326 ||| Stepping ~*~*~tactically~*~*~ (retreating).
 52327 | Vaults:4 | 52327 ||| Stepping ~*~*~tactically~*~*~ (retreating).
 52328 | Vaults:4 | 52328 ||| Stepping ~*~*~tactically~*~*~ (retreating).
 52330 | Vaults:4 | 52330 ||| Stepping ~*~*~tactically~*~*~ (retreating).
 52331 | Vaults:4 | 52331 ||| Stepping ~*~*~tactically~*~*~ (retreating).
 52332 | Vaults:4 | 52332 ||| Stepping ~*~*~tactically~*~*~ (retreating).
 52333 | Vaults:4 | 52333 ||| Stepping ~*~*~tactically~*~*~ (retreating).
 52334 | Vaults:4 | 52334 ||| Stepping ~*~*~tactically~*~*~ (retreating).
 52335 | Vaults:4 | 52335 ||| Stepping ~*~*~tactically~*~*~ (retreating).
 52336 | Vaults:4 | 52336 ||| Stepping ~*~*~tactically~*~*~ (retreating).
 52337 | Vaults:4 | 52337 ||| Stepping ~*~*~tactically~*~*~ (retreating).
 52340 | Vaults:4 | Reached skill level 23 in Fighting
 52340 | Vaults:4 | 52340 ||| INVOKING Heroism.
 52343 | Vaults:4 | HP: 38/153 [vault warden/+0 dire flail (23)]
 52344 | Vaults:4 | 52344 ||| READING 14 scrolls of teleportation.
 52346 | Vaults:4 | 52346 ||| DRINKING 3 potions of heal wounds.
 52431 | Vaults:4 | Found Jiper's Assorted Antiques.
 52442 | Vaults:4 | 52442 ||| BUYING potion of haste (420 gold).
 52442 | Vaults:4 | Bought a potion of haste for 420 gold pieces
 52442 | Vaults:4 | 52442 ||| BUYING potion of haste (420 gold).
 52442 | Vaults:4 | Bought a potion of haste for 420 gold pieces
 52442 | Vaults:4 | 52442 ||| BUYING scroll of teleportation (126 gold).
 52442 | Vaults:4 | Bought a scroll of teleportation for 126 gold pieces
 52515 | Vaults:4 | Identified the +6 plate armour "Caidathe" {rN++ SInv}
                  | (Okawaru gifted it to you on level 4 of the Vaults)
 52515 | Vaults:4 | Received a gift from Okawaru
 52517 | Vaults:4 | 52517 ||| RETREATING.
 52518 | Vaults:4 | 52518 ||| Stepping ~*~*~tactically~*~*~ (retreating).
 52796 | Vaults:4 | 52796 ||| FLEEEEING.
 52797 | Vaults:4 | 52797 ||| FLEEEEING.
 52798 | Vaults:4 | 52798 ||| FLEEEEING.
 52800 | Vaults:4 | 52800 ||| FLEEEEING.
 52801 | Vaults:4 | 52801 ||| STAIRDANCE
 52905 | Vaults:4 | 52905 ||| STAIRDANCE
 52912 | Vaults:4 | 52912 ||| STAIRDANCE
 52922 | Vaults:4 | 52922 ||| STAIRDANCE
 52925 | Vaults:3 | 52925 ||| INVOKING Heroism.
 53078 | Vaults:4 | 53078 ||| qw: Version: 0.3-a-74-g0d5e918
 53078 | Vaults:4 | 53078 ||| qw: Game counter: 1
 53078 | Vaults:4 | 53078 ||| qw: Melee chars always use a shield: true
 53078 | Vaults:4 | 53078 ||| qw: Do Orc after clearing Dungeon:15 true
 53078 | Vaults:4 | 53078 ||| qw: Do second Lair branch before Depths: true
 53078 | Vaults:4 | 53078 ||| qw: Lair rune preference: random
 53078 | Vaults:4 | 53078 ||| qw: Goals: Normal
 53078 | Vaults:4 | 53078 ||| PLANNING D:1-11
 53565 | D:1      | 53565 ||| PLANNING LAIR
 53883 | Lair:5   | 53883 ||| PLANNING D:1-11
 54293 | D:11     | 54293 ||| PLANNING D
 54390 | D:15     | 54390 ||| PLANNING ORC
 54473 | Orc:2    | 54473 ||| PLANNING SPIDER:1-3
 54707 | Spider:3 | 54707 ||| PLANNING SHOALS:1-3
 54869 | Shoals:3 | 54869 ||| PLANNING SPIDER:4
 55030 | Spider:4 | 55030 ||| PLANNING VAULTS:1-4
 55433 | Vaults:5 | Entered Level 5 of the Vaults
 55435 | Vaults:5 | 55435 ||| STAIRDANCE
 55437 | Vaults:4 | 55437 ||| Stepping ~*~*~tactically~*~*~ (retreating).
 55438 | Vaults:4 | 55438 ||| Stepping ~*~*~tactically~*~*~ (retreating).
 55439 | Vaults:4 | 55439 ||| Stepping ~*~*~tactically~*~*~ (retreating).
 55440 | Vaults:4 | 55440 ||| Stepping ~*~*~tactically~*~*~ (retreating).
 55441 | Vaults:4 | 55441 ||| Stepping ~*~*~tactically~*~*~ (retreating).
 55442 | Vaults:4 | 55442 ||| Stepping ~*~*~tactically~*~*~ (retreating).
 55443 | Vaults:4 | 55443 ||| Stepping ~*~*~tactically~*~*~ (retreating).
 55444 | Vaults:4 | 55444 ||| Stepping ~*~*~tactically~*~*~ (retreating).
 55451 | Vaults:4 | 55451 ||| INVOKING Heroism.
 55509 | Vaults:5 | 55509 ||| STAIRDANCE
 55511 | Vaults:4 | 55511 ||| Stepping ~*~*~tactically~*~*~ (retreating).
 55512 | Vaults:4 | 55512 ||| Stepping ~*~*~tactically~*~*~ (retreating).
 55513 | Vaults:4 | 55513 ||| Stepping ~*~*~tactically~*~*~ (retreating).
 55519 | Vaults:4 | 55519 ||| INVOKING Heroism.
 55600 | Vaults:5 | 55600 ||| INVOKING Heroism.
 55601 | Vaults:5 | 55601 ||| INVOKING Finesse.
 55603 | Vaults:5 | 55603 ||| STAIRDANCE
 55605 | Vaults:4 | 55605 ||| Stepping ~*~*~tactically~*~*~ (retreating).
 55606 | Vaults:4 | 55606 ||| Stepping ~*~*~tactically~*~*~ (retreating).
 55607 | Vaults:4 | 55607 ||| Stepping ~*~*~tactically~*~*~ (retreating).
 55608 | Vaults:4 | 55608 ||| Stepping ~*~*~tactically~*~*~ (retreating).
 55692 | Vaults:5 | 55692 ||| STAIRDANCE
 55694 | Vaults:4 | 55694 ||| Stepping ~*~*~tactically~*~*~ (retreating).
 55695 | Vaults:4 | 55695 ||| Stepping ~*~*~tactically~*~*~ (retreating).
 55696 | Vaults:4 | 55696 ||| Stepping ~*~*~tactically~*~*~ (retreating).
 55697 | Vaults:4 | 55697 ||| INVOKING Heroism.
 55753 | Vaults:5 | 55753 ||| STAIRDANCE
 55755 | Vaults:4 | 55755 ||| Stepping ~*~*~tactically~*~*~ (retreating).
 55756 | Vaults:4 | 55756 ||| Stepping ~*~*~tactically~*~*~ (retreating).
 55757 | Vaults:4 | 55757 ||| Stepping ~*~*~tactically~*~*~ (retreating).
 55758 | Vaults:4 | 55758 ||| Stepping ~*~*~tactically~*~*~ (retreating).
 55759 | Vaults:4 | 55759 ||| Stepping ~*~*~tactically~*~*~ (retreating).
 55760 | Vaults:4 | 55760 ||| Stepping ~*~*~tactically~*~*~ (retreating).
 55762 | Vaults:4 | 55762 ||| Stepping ~*~*~tactically~*~*~ (retreating).
 55763 | Vaults:4 | 55763 ||| Stepping ~*~*~tactically~*~*~ (retreating).
 55764 | Vaults:4 | 55764 ||| Stepping ~*~*~tactically~*~*~ (retreating).
 55765 | Vaults:4 | 55765 ||| Stepping ~*~*~tactically~*~*~ (retreating).
 55766 | Vaults:4 | 55766 ||| Stepping ~*~*~tactically~*~*~ (retreating).
 55767 | Vaults:4 | 55767 ||| Stepping ~*~*~tactically~*~*~ (retreating).
 55768 | Vaults:4 | 55768 ||| Stepping ~*~*~tactically~*~*~ (retreating).
 55769 | Vaults:4 | 55769 ||| Stepping ~*~*~tactically~*~*~ (retreating).
 55774 | Vaults:4 | 55774 ||| INVOKING Heroism.
 55932 | Vaults:5 | 55932 ||| STAIRDANCE
 55954 | Vaults:5 | 55954 ||| INVOKING Heroism.
 55955 | Vaults:5 | 55955 ||| INVOKING Finesse.
 55956 | Vaults:5 | Noticed an ancient lich
 55958 | Vaults:5 | Noticed an ancient lich
 55959 | Vaults:5 | HP: 30/154 [ettin/+0 dire flail (46)]
 55960 | Vaults:5 | 55960 ||| READING 16 scrolls of teleportation.
 55961 | Vaults:5 | 55961 ||| DRINKING 2 potions of heal wounds.
 55962 | Vaults:5 | Noticed Sojobo
 55962 | Vaults:5 | Noticed an ancient lich
 55963 | Vaults:5 | Found the +8 Wrath of Trog {antimagic, *Rage Rampage}
 56040 | Vaults:5 | 56040 ||| INVOKING Heroism.
 56041 | Vaults:5 | 56041 ||| INVOKING Finesse.
 56055 | Vaults:5 | Noticed Boris
 56057 | Vaults:5 | Killed Boris
 56058 | Vaults:5 | Reached XP level 22. HP: 161/161 MP: 24/29
 56129 | Vaults:5 | Got a silver rune of Zot
 56138 | Vaults:5 | 56138 ||| RETREATING.
 56143 | Vaults:5 | 56143 ||| INVOKING Heroism.
 56144 | Vaults:5 | 56144 ||| INVOKING Finesse.
 56146 | Vaults:5 | Killed an ancient lich
 56146 | Vaults:5 | Received a gift from Okawaru
 56147 | Vaults:5 | Reached skill level 24 in Fighting
 56177 | Vaults:5 | Noticed a golden dragon
 56178 | Vaults:5 | 56178 ||| INVOKING Heroism.
 56181 | Vaults:5 | Killed a golden dragon
 56197 | Vaults:5 | 56197 ||| RETREATING.
 56201 | Vaults:5 | 56201 ||| Stepping ~*~*~tactically~*~*~ (retreating).
 56204 | Vaults:5 | 56204 ||| Stepping ~*~*~tactically~*~*~ (retreating).
 56205 | Vaults:5 | 56205 ||| Stepping ~*~*~tactically~*~*~ (retreating).
 56208 | Vaults:5 | 56208 ||| Stepping ~*~*~tactically~*~*~ (retreating).
 56213 | Vaults:5 | Noticed a golden dragon
 56213 | Vaults:5 | 56213 ||| INVOKING Finesse.
 56214 | Vaults:5 | 56214 ||| INVOKING Heroism.
 56218 | Vaults:5 | Killed a golden dragon
 56268 | Vaults:5 | 56268 ||| INVOKING Heroism.
 56291 | Vaults:5 | 56291 ||| RETREATING.
 56291 | Vaults:5 | Noticed an ancient lich
 56295 | Vaults:5 | Reached skill level 15 in Armour
 56296 | Vaults:5 | 56296 ||| Stepping ~*~*~tactically~*~*~ (retreating).
 56337 | Vaults:5 | 56337 ||| INVOKING Heroism.
 56338 | Vaults:5 | Killed an ancient lich
 56357 | Vaults:5 | Received a gift from Okawaru
 56366 | Vaults:5 | 56366 ||| INVOKING Heroism.
 56390 | Vaults:5 | Noticed Mara
 56395 | Vaults:5 | 56395 ||| INVOKING Finesse.
 56406 | Vaults:5 | 56406 ||| INVOKING Heroism.
 56409 | Vaults:5 | 56409 ||| RETREATING.
 56410 | Vaults:5 | 56410 ||| Stepping ~*~*~tactically~*~*~ (retreating).
 56417 | Vaults:5 | Killed Mara
 56449 | Vaults:5 | 56449 ||| RETREATING.
 56450 | Vaults:5 | 56450 ||| Stepping ~*~*~tactically~*~*~ (retreating).
 56450 | Vaults:5 | Noticed an ancient lich
 56451 | Vaults:5 | 56451 ||| Stepping ~*~*~tactically~*~*~ (retreating).
 56452 | Vaults:5 | 56452 ||| Stepping ~*~*~tactically~*~*~ (retreating).
 56455 | Vaults:5 | 56455 ||| INVOKING Heroism.
 56457 | Vaults:5 | Killed an ancient lich
 56459 | Vaults:5 | 56459 ||| Stepping ~*~*~tactically~*~*~ (retreating).
 56460 | Vaults:5 | 56460 ||| Stepping ~*~*~tactically~*~*~ (retreating).
 56464 | Vaults:5 | 56464 ||| Stepping ~*~*~tactically~*~*~ (outnumbered).
 56465 | Vaults:5 | 56465 ||| Stepping ~*~*~tactically~*~*~ (retreating).
 56466 | Vaults:5 | 56466 ||| Stepping ~*~*~tactically~*~*~ (outnumbered).
 56467 | Vaults:5 | 56467 ||| Stepping ~*~*~tactically~*~*~ (retreating).
 56468 | Vaults:5 | 56468 ||| Stepping ~*~*~tactically~*~*~ (retreating).
 56469 | Vaults:5 | 56469 ||| Stepping ~*~*~tactically~*~*~ (retreating).
 56470 | Vaults:5 | 56470 ||| Stepping ~*~*~tactically~*~*~ (retreating).
 56471 | Vaults:5 | 56471 ||| Stepping ~*~*~tactically~*~*~ (retreating).
 56472 | Vaults:5 | 56472 ||| Stepping ~*~*~tactically~*~*~ (retreating).
 56473 | Vaults:5 | 56473 ||| Stepping ~*~*~tactically~*~*~ (retreating).
 56474 | Vaults:5 | 56474 ||| Stepping ~*~*~tactically~*~*~ (retreating).
 56475 | Vaults:5 | 56475 ||| Stepping ~*~*~tactically~*~*~ (retreating).
 56476 | Vaults:5 | 56476 ||| Stepping ~*~*~tactically~*~*~ (retreating).
 56477 | Vaults:5 | 56477 ||| Stepping ~*~*~tactically~*~*~ (retreating).
 56478 | Vaults:5 | 56478 ||| Stepping ~*~*~tactically~*~*~ (retreating).
 56479 | Vaults:5 | 56479 ||| Stepping ~*~*~tactically~*~*~ (outnumbered).
 56480 | Vaults:5 | 56480 ||| Stepping ~*~*~tactically~*~*~ (retreating).
 56481 | Vaults:5 | 56481 ||| Stepping ~*~*~tactically~*~*~ (retreating).
 56482 | Vaults:5 | 56482 ||| Stepping ~*~*~tactically~*~*~ (retreating).
 56483 | Vaults:5 | 56483 ||| Stepping ~*~*~tactically~*~*~ (retreating).
 56484 | Vaults:5 | 56484 ||| INVOKING Finesse.
 56486 | Vaults:5 | 56486 ||| Stepping ~*~*~tactically~*~*~ (retreating).
 56487 | Vaults:5 | 56487 ||| Stepping ~*~*~tactically~*~*~ (retreating).
 56488 | Vaults:5 | 56488 ||| Stepping ~*~*~tactically~*~*~ (retreating).
 56489 | Vaults:5 | 56489 ||| Stepping ~*~*~tactically~*~*~ (retreating).
 56490 | Vaults:5 | 56490 ||| Stepping ~*~*~tactically~*~*~ (retreating).
 56491 | Vaults:5 | 56491 ||| Stepping ~*~*~tactically~*~*~ (retreating).
 56492 | Vaults:5 | 56492 ||| Stepping ~*~*~tactically~*~*~ (retreating).
 56493 | Vaults:5 | 56493 ||| Stepping ~*~*~tactically~*~*~ (retreating).
 56494 | Vaults:5 | 56494 ||| Stepping ~*~*~tactically~*~*~ (retreating).
 56495 | Vaults:5 | 56495 ||| Stepping ~*~*~tactically~*~*~ (retreating).
 56495 | Vaults:5 | HP: 26/161 [ancient lich/bolt of acid (23)]
 56496 | Vaults:5 | 56496 ||| READING 15 scrolls of teleportation.
 56497 | Vaults:5 | 56497 ||| DRINKING 2 potions of heal wounds.
 56498 | Vaults:5 | 56498 ||| Stepping ~*~*~tactically~*~*~ (retreating).
 56499 | Vaults:5 | 56499 ||| Stepping ~*~*~tactically~*~*~ (retreating).
 56500 | Vaults:5 | 56500 ||| Stepping ~*~*~tactically~*~*~ (retreating).
 56597 | Vaults:5 | Noticed Mennas
 56600 | Vaults:5 | Killed Mennas
 56628 | Vaults:5 | Noticed Frederick
 56629 | Vaults:5 | 56629 ||| INVOKING Heroism.
 56630 | Vaults:5 | 56630 ||| INVOKING Finesse.
 56633 | Vaults:5 | 56633 ||| Stepping ~*~*~tactically~*~*~ (outnumbered).
 56638 | Vaults:5 | Killed Frederick
 56766 | Vaults:5 | 56766 ||| INVOKING Heroism.
 56767 | Vaults:5 | 56767 ||| INVOKING Finesse.
 56770 | Vaults:5 | Killed an ancient lich
 56853 | Vaults:5 | Identified the +1 morningstar "Senounem" {heavy, Dex+3}
 56874 | Vaults:5 | Identified the +6 crystal plate armour of Juschegg {Will++
                  | rCorr Stlth-} (Okawaru gifted it to you on level 5 of the
                  | Vaults)
 56874 | Vaults:5 | Received a gift from Okawaru
 56888 | Vaults:5 | 56888 ||| INVOKING Heroism.
 56898 | Vaults:5 | Identified the +1 plate armour "Jayggop" {Rampage Str+2}
 56981 | Vaults:5 | 56981 ||| Stepping ~*~*~tactically~*~*~ (outnumbered).
 56983 | Vaults:5 | 56983 ||| Stepping ~*~*~tactically~*~*~ (outnumbered).
 56985 | Vaults:5 | 56985 ||| Stepping ~*~*~tactically~*~*~ (outnumbered).
 57028 | Vaults:5 | 57028 ||| INVOKING Heroism.
 57030 | Vaults:5 | 57030 ||| RETREATING.
 57037 | Vaults:5 | 57037 ||| INVOKING Finesse.
 57038 | Vaults:5 | 57038 ||| Stepping ~*~*~tactically~*~*~ (retreating).
 57039 | Vaults:5 | 57039 ||| Stepping ~*~*~tactically~*~*~ (retreating).
 57046 | Vaults:5 | Killed Sojobo
 57067 | Vaults:5 | Identified the +6 mace of Valiance {flame, rElec rC+++
                  | Will- Int-3}
 57071 | Vaults:5 | Reached skill level 25 in Fighting
 57074 | Vaults:5 | 57074 ||| FLEEEEING.
 57076 | Vaults:5 | 57076 ||| INVOKING Heroism.
 57081 | Vaults:5 | 57081 ||| Stepping ~*~*~tactically~*~*~ (retreating).
 57082 | Vaults:5 | 57082 ||| Stepping ~*~*~tactically~*~*~ (retreating).
 57083 | Vaults:5 | 57083 ||| Stepping ~*~*~tactically~*~*~ (retreating).
 57085 | Vaults:5 | 57085 ||| Stepping ~*~*~tactically~*~*~ (retreating).
 57086 | Vaults:5 | 57086 ||| Stepping ~*~*~tactically~*~*~ (retreating).
 57087 | Vaults:5 | 57087 ||| Stepping ~*~*~tactically~*~*~ (retreating).
 57088 | Vaults:5 | 57088 ||| Stepping ~*~*~tactically~*~*~ (retreating).
 57089 | Vaults:5 | 57089 ||| Stepping ~*~*~tactically~*~*~ (retreating).
 57090 | Vaults:5 | 57090 ||| Stepping ~*~*~tactically~*~*~ (retreating).
 57091 | Vaults:5 | 57091 ||| Stepping ~*~*~tactically~*~*~ (retreating).
 57092 | Vaults:5 | 57092 ||| Stepping ~*~*~tactically~*~*~ (retreating).
 57097 | Vaults:5 | 57097 ||| Stepping ~*~*~tactically~*~*~ (retreating).
 57108 | Vaults:5 | 57108 ||| Stepping ~*~*~tactically~*~*~ (retreating).
 57109 | Vaults:5 | 57109 ||| Stepping ~*~*~tactically~*~*~ (retreating).
 57110 | Vaults:5 | 57110 ||| Stepping ~*~*~tactically~*~*~ (retreating).
 57111 | Vaults:5 | 57111 ||| Stepping ~*~*~tactically~*~*~ (retreating).
 57112 | Vaults:5 | 57112 ||| Stepping ~*~*~tactically~*~*~ (retreating).
 57113 | Vaults:5 | 57113 ||| Stepping ~*~*~tactically~*~*~ (retreating).
 57114 | Vaults:5 | 57114 ||| Stepping ~*~*~tactically~*~*~ (retreating).
 57115 | Vaults:5 | 57115 ||| Stepping ~*~*~tactically~*~*~ (retreating).
 57116 | Vaults:5 | 57116 ||| Stepping ~*~*~tactically~*~*~ (retreating).
 57117 | Vaults:5 | 57117 ||| Stepping ~*~*~tactically~*~*~ (retreating).
 57118 | Vaults:5 | 57118 ||| Stepping ~*~*~tactically~*~*~ (retreating).
 57119 | Vaults:5 | 57119 ||| Stepping ~*~*~tactically~*~*~ (retreating).
 57120 | Vaults:5 | 57120 ||| Stepping ~*~*~tactically~*~*~ (retreating).
 57121 | Vaults:5 | 57121 ||| Stepping ~*~*~tactically~*~*~ (retreating).
 57122 | Vaults:5 | 57122 ||| Stepping ~*~*~tactically~*~*~ (retreating).
 57123 | Vaults:5 | 57123 ||| Stepping ~*~*~tactically~*~*~ (retreating).
 57124 | Vaults:5 | 57124 ||| Stepping ~*~*~tactically~*~*~ (retreating).
 57126 | Vaults:5 | 57126 ||| Stepping ~*~*~tactically~*~*~ (retreating).
 57134 | Vaults:5 | Reached XP level 23. HP: 147/170 MP: 30/30
 57141 | Vaults:5 | 57141 ||| INVOKING Heroism.
 57151 | Vaults:5 | Killed an ancient lich
 57164 | Vaults:5 | 57164 ||| qw: Version: 0.3-a-74-g2a242c6
 57164 | Vaults:5 | 57164 ||| qw: Game counter: 1
 57164 | Vaults:5 | 57164 ||| qw: Melee chars always use a shield: true
 57164 | Vaults:5 | 57164 ||| qw: Do Orc after clearing Dungeon:15 true
 57164 | Vaults:5 | 57164 ||| qw: Do second Lair branch before Depths: true
 57164 | Vaults:5 | 57164 ||| qw: Lair rune preference: random
 57164 | Vaults:5 | 57164 ||| qw: Goals: Normal
 57164 | Vaults:5 | 57164 ||| PLANNING D:1-11
 57165 | Vaults:5 | 57165 ||| DROPPING +2 cloak.
 57166 | Vaults:5 | 57166 ||| DROPPING +1 pair of gloves of strength.
 57167 | Vaults:5 | 57167 ||| UPGRADING to ring of willpower.
 57581 | D:1      | 57581 ||| PLANNING LAIR
 57826 | Lair:5   | 57826 ||| PLANNING D:1-11
 58236 | D:11     | 58236 ||| PLANNING D
 58333 | D:15     | 58333 ||| PLANNING ORC
 58416 | Orc:2    | 58416 ||| PLANNING SHOALS:1-3
 58587 | Shoals:3 | 58587 ||| PLANNING SPIDER:1-3
 58790 | Spider:3 | 58790 ||| PLANNING SHOALS:4
 58947 | Shoals:4 | 58947 ||| PLANNING VAULTS:1-4
 59370 | Vaults:4 | 59370 ||| PLANNING SPIDER:4
 59698 | Spider:4 | 59698 ||| PLANNING DEPTHS
 59958 | Depths:1 | Entered Level 1 of the Depths
 59959 | Depths:1 | 59959 ||| STAIRDANCE
 59964 | Depths:1 | 59964 ||| STAIRDANCE
 59966 | D:15     | 59966 ||| Stepping ~*~*~tactically~*~*~ (retreating).
 59967 | D:15     | 59967 ||| Stepping ~*~*~tactically~*~*~ (retreating).
 59968 | D:15     | 59968 ||| Stepping ~*~*~tactically~*~*~ (retreating).
 59983 | Depths:1 | 59983 ||| STAIRDANCE
 59985 | D:15     | 59985 ||| Stepping ~*~*~tactically~*~*~ (retreating).
 59986 | D:15     | 59986 ||| Stepping ~*~*~tactically~*~*~ (retreating).
 59987 | D:15     | 59987 ||| Stepping ~*~*~tactically~*~*~ (retreating).
 59988 | D:15     | 59988 ||| Stepping ~*~*~tactically~*~*~ (retreating).
 59989 | D:15     | 59989 ||| Stepping ~*~*~tactically~*~*~ (retreating).
 59990 | D:15     | 59990 ||| FLEEEEING.
 59991 | D:15     | 59991 ||| FLEEEEING.
 59992 | D:15     | 59992 ||| Stepping ~*~*~tactically~*~*~ (retreating).
 59993 | D:15     | 59993 ||| INVOKING Heroism.
 60052 | Depths:1 | 60052 ||| STAIRDANCE
 60054 | D:15     | 60054 ||| Stepping ~*~*~tactically~*~*~ (retreating).
 60055 | D:15     | 60055 ||| Stepping ~*~*~tactically~*~*~ (retreating).
 60056 | D:15     | 60056 ||| Stepping ~*~*~tactically~*~*~ (retreating).
 60057 | D:15     | 60057 ||| Stepping ~*~*~tactically~*~*~ (retreating).
 60094 | Depths:1 | 60094 ||| STAIRDANCE
 60116 | Depths:1 | 60116 ||| RETREATING.
 60118 | Depths:1 | 60118 ||| Stepping ~*~*~tactically~*~*~ (retreating).
 60119 | Depths:1 | 60119 ||| Stepping ~*~*~tactically~*~*~ (retreating).
 60120 | Depths:1 | 60120 ||| Stepping ~*~*~tactically~*~*~ (retreating).
 60121 | Depths:1 | 60121 ||| INVOKING Heroism.
 60187 | Depths:1 | 60187 ||| RETREATING.
 60190 | Depths:1 | 60190 ||| INVOKING Heroism.
 60220 | Depths:1 | 60220 ||| Stepping ~*~*~tactically~*~*~ (retreating).
 60221 | Depths:1 | 60221 ||| Stepping ~*~*~tactically~*~*~ (retreating).
 60222 | Depths:1 | 60222 ||| Stepping ~*~*~tactically~*~*~ (retreating).
 60223 | Depths:1 | 60223 ||| Stepping ~*~*~tactically~*~*~ (retreating).
 60292 | Depths:1 | 60292 ||| RETREATING.
 60294 | Depths:1 | 60294 ||| INVOKING Heroism.
 60296 | Depths:1 | 60296 ||| INVOKING Finesse.
 60349 | Depths:1 | Noticed a caustic shrike
 60350 | Depths:1 | 60350 ||| INVOKING Heroism.
 60352 | Depths:1 | Killed a caustic shrike
 60353 | Depths:1 | Reached skill level 26 in Fighting
 60367 | Depths:1 | Noticed a juggernaut
 60370 | Depths:1 | Killed a juggernaut
 60377 | Depths:1 | Noticed a golden dragon
 60378 | Depths:1 | 60378 ||| INVOKING Heroism.
 60379 | Depths:1 | 60379 ||| RETREATING.
 60381 | Depths:1 | Killed a golden dragon
 60432 | Depths:1 | 60432 ||| Stepping ~*~*~tactically~*~*~ (outnumbered).
 60434 | Depths:1 | 60434 ||| Stepping ~*~*~tactically~*~*~ (outnumbered).
 60457 | Depths:1 | Identified the +3 long sword of Indomitability {freeze,
                  | Fly}
 60466 | Depths:1 | Identified the ring "Taheoph" {Drain rF+++ Int+6 Dex+4
                  | Stlth+}
 60473 | Depths:1 | Identified the +0 chain mail "Xajios" {rF+++ MP-9 Int+8
                  | Dex-2}
 60585 | Depths:1 | Noticed a juggernaut
 60586 | Depths:1 | 60586 ||| INVOKING Heroism.
 60587 | Depths:1 | 60587 ||| INVOKING Finesse.
 60589 | Depths:1 | Killed a juggernaut
 60618 | Depths:1 | Found a bloodstained altar of Trog.
 60651 | Depths:1 | 60651 ||| INVOKING Heroism.
 60656 | Depths:1 | 60656 ||| Stepping ~*~*~tactically~*~*~ (cloud).
 60659 | Depths:1 | 60659 ||| RETREATING.
 60670 | Depths:1 | 60670 ||| Stepping ~*~*~tactically~*~*~ (retreating).
 60671 | Depths:1 | 60671 ||| RETREATING.
 60675 | Depths:1 | Gained mutation: You are clumsy. (Dex -2) [a cacodemon]
 60679 | Depths:1 | Noticed Boris
 60685 | Depths:1 | 60685 ||| Stepping ~*~*~tactically~*~*~ (outnumbered).
 60687 | Depths:1 | 60687 ||| INVOKING Heroism.
 60692 | Depths:1 | Killed Boris
 60694 | Depths:1 | 60694 ||| Stepping ~*~*~tactically~*~*~ (retreating).
 60695 | Depths:1 | 60695 ||| Stepping ~*~*~tactically~*~*~ (retreating).
 60696 | Depths:1 | 60696 ||| Stepping ~*~*~tactically~*~*~ (retreating).
 60697 | Depths:1 | 60697 ||| Stepping ~*~*~tactically~*~*~ (retreating).
 60698 | Depths:1 | 60698 ||| Stepping ~*~*~tactically~*~*~ (retreating).
 60699 | Depths:1 | 60699 ||| Stepping ~*~*~tactically~*~*~ (retreating).
 60700 | Depths:1 | 60700 ||| Stepping ~*~*~tactically~*~*~ (retreating).
 60701 | Depths:1 | 60701 ||| Stepping ~*~*~tactically~*~*~ (retreating).
 60702 | Depths:1 | 60702 ||| Stepping ~*~*~tactically~*~*~ (retreating).
 60703 | Depths:1 | 60703 ||| Stepping ~*~*~tactically~*~*~ (retreating).
 60704 | Depths:1 | 60704 ||| Stepping ~*~*~tactically~*~*~ (retreating).
 60705 | Depths:1 | 60705 ||| Stepping ~*~*~tactically~*~*~ (retreating).
 60706 | Depths:1 | 60706 ||| Stepping ~*~*~tactically~*~*~ (retreating).
 60707 | Depths:1 | 60707 ||| Stepping ~*~*~tactically~*~*~ (retreating).
 60708 | Depths:1 | 60708 ||| Stepping ~*~*~tactically~*~*~ (retreating).
 60709 | Depths:1 | 60709 ||| Stepping ~*~*~tactically~*~*~ (retreating).
 60710 | Depths:1 | 60710 ||| Stepping ~*~*~tactically~*~*~ (retreating).
 60711 | Depths:1 | 60711 ||| Stepping ~*~*~tactically~*~*~ (retreating).
 60712 | Depths:1 | 60712 ||| Stepping ~*~*~tactically~*~*~ (retreating).
 60713 | Depths:1 | 60713 ||| Stepping ~*~*~tactically~*~*~ (retreating).
 60714 | Depths:1 | 60714 ||| Stepping ~*~*~tactically~*~*~ (retreating).
 60715 | Depths:1 | 60715 ||| Stepping ~*~*~tactically~*~*~ (retreating).
 60716 | Depths:1 | 60716 ||| Stepping ~*~*~tactically~*~*~ (retreating).
 60717 | Depths:1 | 60717 ||| Stepping ~*~*~tactically~*~*~ (retreating).
 60718 | Depths:1 | 60718 ||| Stepping ~*~*~tactically~*~*~ (retreating).
 60723 | Depths:1 | 60723 ||| INVOKING Heroism.
 60806 | Depths:1 | 60806 ||| RETREATING.
 60808 | Depths:1 | 60808 ||| Stepping ~*~*~tactically~*~*~ (retreating).
 60809 | Depths:1 | 60809 ||| Stepping ~*~*~tactically~*~*~ (retreating).
 60810 | Depths:1 | 60810 ||| Stepping ~*~*~tactically~*~*~ (retreating).
 60866 | Depths:1 | Found a gateway to Hell.
 60867 | Depths:1 | 60867 ||| INVOKING Heroism.
 60868 | Depths:1 | 60868 ||| INVOKING Finesse.
 61191 | Depths:1 | 61191 ||| DROPPING ring of fire.
 61192 | Depths:1 | 61192 ||| UPGRADING to ring "Taheoph" {Drain rF+++ Int+6
                  | Dex+4 Stlth+}.
 61194 | Depths:1 | 61194 ||| DROPPING ring of resist corrosion.
 61195 | Depths:1 | 61195 ||| DROPPING ring of see invisible.
 61196 | Depths:1 | 61196 ||| UPGRADING to +6 ring of dexterity.
 61198 | Depths:1 | 61198 ||| DROPPING ring of willpower.
 61230 | Depths:2 | 61230 ||| PLANNING BAZAAR
 61236 | Depths:2 | 61236 ||| Stepping ~*~*~tactically~*~*~ (outnumbered).
 61238 | Depths:2 | 61238 ||| Stepping ~*~*~tactically~*~*~ (outnumbered).
 61240 | Depths:2 | 61240 ||| Stepping ~*~*~tactically~*~*~ (outnumbered).
 61243 | Depths:2 | Reached skill level 18 in Dodging
 61247 | Depths:2 | 61247 ||| Stepping ~*~*~tactically~*~*~ (outnumbered).
 61249 | Depths:2 | 61249 ||| Stepping ~*~*~tactically~*~*~ (outnumbered).
 61274 | Depths:2 | 61274 ||| RETREATING.
 61276 | Depths:2 | 61276 ||| RETREATING.
 61289 | Depths:2 | 61289 ||| Stepping ~*~*~tactically~*~*~ (retreating).
 61290 | Depths:2 | 61290 ||| Stepping ~*~*~tactically~*~*~ (retreating).
 61291 | Depths:2 | 61291 ||| Stepping ~*~*~tactically~*~*~ (outnumbered).
 61361 | Depths:2 | 61361 ||| INVOKING Heroism.
 61419 | Depths:2 | 61419 ||| Stepping ~*~*~tactically~*~*~ (outnumbered).
 61421 | Depths:2 | 61421 ||| Stepping ~*~*~tactically~*~*~ (outnumbered).
 61444 | Depths:2 | Found a transporter.
 61444 | Depths:2 | Found a one-way gate leading to the halls of Pandemonium.
 61446 | Depths:2 | Found a corrupted altar of Lugonu.
 61570 | Depths:2 | 61570 ||| INVOKING Finesse.
 61574 | Depths:2 | 61574 ||| RETREATING.
 61645 | Depths:2 | Reached XP level 24. HP: 178/178 MP: 30/30
 61728 | Depths:2 | 61728 ||| RETREATING.
 61887 | Depths:2 | Found a flickering gateway to a bazaar.
 61895 | Bazaar   | Entered a bazaar
 61895 | Bazaar   | Found Atolur's Distillery.
 61895 | Bazaar   | Found Wokhliymo's Antique Weapon Shop.
 61895 | Bazaar   | Found Evotargh's Antique Armour Shoppe.
 61897 | Bazaar   | Found Ysmorph's Weapon Shop.
 61946 | Bazaar   | 61946 ||| BUYING pair of glowing boots (180 gold).
 61946 | Bazaar   | Bought a pair of glowing boots for 180 gold pieces
 61949 | Bazaar   | 61949 ||| BUYING potion of curing (48 gold).
 61949 | Bazaar   | Bought a potion of curing for 48 gold pieces
 61949 | Bazaar   | 61949 ||| BUYING potion of might (64 gold).
 61949 | Bazaar   | Bought a potion of might for 64 gold pieces
 61949 | Bazaar   | 61949 ||| BUYING potion of might (64 gold).
 61949 | Bazaar   | Bought a potion of might for 64 gold pieces
 61949 | Bazaar   | 61949 ||| BUYING potion of resistance (160 gold).
 61949 | Bazaar   | Bought a potion of resistance for 160 gold pieces
 61949 | Bazaar   | 61949 ||| DROPPING +1 pair of boots.
 61961 | Depths:2 | 61961 ||| PLANNING DEPTHS
 62033 | Depths:2 | 62033 ||| INVOKING Finesse.
 62135 | Depths:2 | Found a transporter.
 62184 | Depths:2 | Received a gift from Okawaru
 62281 | Depths:3 | 62281 ||| RETREATING.
 62283 | Depths:3 | 62283 ||| Stepping ~*~*~tactically~*~*~ (retreating).
 62284 | Depths:3 | 62284 ||| Stepping ~*~*~tactically~*~*~ (retreating).
 62285 | Depths:3 | 62285 ||| INVOKING Heroism.
 62483 | Depths:3 | Noticed a caustic shrike
 62484 | Depths:3 | 62484 ||| INVOKING Heroism.
 62485 | Depths:3 | 62485 ||| INVOKING Finesse.
 62486 | Depths:3 | Killed a caustic shrike
 62528 | Depths:3 | 62528 ||| RETREATING.
 62529 | Depths:3 | 62529 ||| INVOKING Heroism.
 62531 | Depths:3 | 62531 ||| INVOKING Finesse.
 62587 | Depths:3 | Noticed a juggernaut
 62588 | Depths:3 | 62588 ||| Stepping ~*~*~tactically~*~*~ (retreating).
 62589 | Depths:3 | 62589 ||| Stepping ~*~*~tactically~*~*~ (retreating).
 62590 | Depths:3 | 62590 ||| Stepping ~*~*~tactically~*~*~ (retreating).
 62591 | Depths:3 | 62591 ||| RETREATING.
 62594 | Depths:3 | 62594 ||| INVOKING Heroism.
 62595 | Depths:3 | 62595 ||| INVOKING Finesse.
 62598 | Depths:3 | Killed a juggernaut
 62664 | Depths:3 | 62664 ||| INVOKING Heroism.
 62666 | Depths:3 | Noticed Vv
 62667 | Depths:3 | 62667 ||| DRINKING 2 potions of resistance.
 62668 | Depths:3 | 62668 ||| Stepping ~*~*~tactically~*~*~ (retreating).
 62669 | Depths:3 | 62669 ||| Stepping ~*~*~tactically~*~*~ (retreating).
 62673 | Depths:3 | 62673 ||| INVOKING Finesse.
 62679 | Depths:3 | Killed Vv
 62890 | Depths:3 | 62890 ||| INVOKING Heroism.
 63087 | Depths:4 | Entered Level 4 of the Depths
 63093 | Depths:4 | 63093 ||| Stepping ~*~*~tactically~*~*~ (retreating).
 63094 | Depths:4 | 63094 ||| Stepping ~*~*~tactically~*~*~ (retreating).
 63095 | Depths:4 | 63095 ||| Stepping ~*~*~tactically~*~*~ (retreating).
 63096 | Depths:4 | 63096 ||| Stepping ~*~*~tactically~*~*~ (retreating).
 63097 | Depths:4 | 63097 ||| Stepping ~*~*~tactically~*~*~ (retreating).
 63098 | Depths:4 | 63098 ||| Stepping ~*~*~tactically~*~*~ (retreating).
 63099 | Depths:4 | 63099 ||| Stepping ~*~*~tactically~*~*~ (outnumbered).
 63100 | Depths:4 | 63100 ||| Stepping ~*~*~tactically~*~*~ (retreating).
 63102 | Depths:4 | 63102 ||| Stepping ~*~*~tactically~*~*~ (retreating).
 63103 | Depths:4 | 63103 ||| Stepping ~*~*~tactically~*~*~ (retreating).
 63104 | Depths:4 | 63104 ||| Stepping ~*~*~tactically~*~*~ (retreating).
 63111 | Depths:4 | Noticed Boris
 63112 | Depths:4 | 63112 ||| INVOKING Heroism.
 63113 | Depths:4 | 63113 ||| INVOKING Finesse.
 63120 | Depths:4 | Reached skill level 27 in Fighting
 63120 | Depths:4 | Killed Boris
 63209 | Depths:4 | Found a shadowy altar of Dithmenos.
 63262 | Depths:4 | 63262 ||| Stepping ~*~*~tactically~*~*~ (outnumbered).
 63266 | Depths:4 | Received a gift from Okawaru
 63297 | Depths:4 | 63297 ||| RETREATING.
 63300 | Depths:4 | 63300 ||| Stepping ~*~*~tactically~*~*~ (outnumbered).
 63318 | Depths:4 | Found a one-way gateway to a ziggurat.
 63456 | Depths:4 | 63456 ||| RETREATING.
 63523 | Depths:4 | 63523 ||| RETREATING.
 63570 | Depths:4 | 63570 ||| Stepping ~*~*~tactically~*~*~ (retreating).
 63573 | Depths:4 | 63573 ||| Stepping ~*~*~tactically~*~*~ (retreating).
 63574 | Depths:4 | 63574 ||| Stepping ~*~*~tactically~*~*~ (retreating).
 63575 | Depths:4 | 63575 ||| Stepping ~*~*~tactically~*~*~ (retreating).
 63576 | Depths:4 | 63576 ||| Stepping ~*~*~tactically~*~*~ (retreating).
 63608 | Depths:4 | 63608 ||| RETREATING.
 63610 | Depths:4 | 63610 ||| INVOKING Heroism.
 63647 | Depths:4 | 63647 ||| RETREATING.
 63648 | Depths:4 | 63648 ||| INVOKING Heroism.
 63657 | Depths:4 | Reached XP level 25. HP: 187/187 MP: 31/31
 63666 | Depths:4 | Found a gate to the Realm of Zot.
 63788 | Depths:4 | 63788 ||| PLANNING VAULTS:5
 64070 | Vaults:5 | 64070 ||| RETREATING.
 64151 | Vaults:5 | Identified the +0 flail of Mastery {heavy, rF+}
 64388 | Vaults:5 | 64388 ||| PLANNING SHOPPING SPREE
 64388 | Vaults:5 | 64388 ||| PLANNING ZOT:1-4
 64717 | Zot:1    | Entered Level 1 of the Realm of Zot
 64729 | Zot:1    | 64729 ||| RETREATING.
 64731 | Zot:1    | 64731 ||| Stepping ~*~*~tactically~*~*~ (outnumbered).
 64733 | Zot:1    | 64733 ||| INVOKING Heroism.
 64810 | Zot:1    | Noticed a Killer Klown
 64811 | Zot:1    | 64811 ||| INVOKING Heroism.
 64812 | Zot:1    | 64812 ||| INVOKING Finesse.
 64814 | Zot:1    | Noticed a Killer Klown
 64815 | Zot:1    | 64815 ||| RETREATING.
 64818 | Zot:1    | 64818 ||| Stepping ~*~*~tactically~*~*~ (retreating).
 64820 | Zot:1    | 64820 ||| Stepping ~*~*~tactically~*~*~ (retreating).
 64822 | Zot:1    | 64822 ||| Stepping ~*~*~tactically~*~*~ (retreating).
 64823 | Zot:1    | 64823 ||| Stepping ~*~*~tactically~*~*~ (retreating).
 64824 | Zot:1    | 64824 ||| Stepping ~*~*~tactically~*~*~ (retreating).
 64825 | Zot:1    | 64825 ||| Stepping ~*~*~tactically~*~*~ (retreating).
 64828 | Zot:1    | Killed a Killer Klown
 64828 | Zot:1    | Received a gift from Okawaru
 64832 | Zot:1    | HP: 37/187 [golden dragon (32)]
 64832 | Zot:1    | Noticed Parghit
 64833 | Zot:1    | 64833 ||| READING 18 scrolls of teleportation.
 64833 | Zot:1    | HP: 15/187 [golden dragon (13)]
 64834 | Zot:1    | 64834 ||| DRINKING 3 potions of heal wounds.
 64835 | Zot:1    | 64835 ||| DRINKING 2 potions of heal wounds.
 64836 | Zot:1    | 64836 ||| Stepping ~*~*~tactically~*~*~ (retreating).
 64837 | Zot:1    | 64837 ||| Stepping ~*~*~tactically~*~*~ (retreating).
 64838 | Zot:1    | 64838 ||| Stepping ~*~*~tactically~*~*~ (retreating).
 64839 | Zot:1    | 64839 ||| Stepping ~*~*~tactically~*~*~ (retreating).
 64840 | Zot:1    | 64840 ||| Stepping ~*~*~tactically~*~*~ (retreating).
 64841 | Zot:1    | 64841 ||| Stepping ~*~*~tactically~*~*~ (retreating).
 64841 | Zot:1    | HP: 27/187 [golden dragon (27)]
 64842 | Zot:1    | 64842 ||| DRINKING potion of heal wounds.
 64843 | Zot:1    | 64843 ||| Stepping ~*~*~tactically~*~*~ (retreating).
 64844 | Zot:1    | 64844 ||| READING 17 scrolls of teleportation.
 64846 | Zot:1    | HP: 27/187 [??? (7)]
 64858 | Zot:1    | 64858 ||| READING 16 scrolls of teleportation.
 64860 | Zot:1    | 64860 ||| Stepping ~*~*~tactically~*~*~ (retreating).
 64861 | Zot:1    | 64861 ||| Stepping ~*~*~tactically~*~*~ (retreating).
 64862 | Zot:1    | 64862 ||| INVOKING Heroism.
 64863 | Zot:1    | 64863 ||| Stepping ~*~*~tactically~*~*~ (retreating).
 64975 | Zot:1    | Identified the staff "Sealao" {rPois rF+ rN++ rCorr Poison}
 65073 | Zot:1    | Received a gift from Okawaru
 65221 | Zot:1    | 65221 ||| INVOKING Heroism.
 65225 | Zot:1    | Reached skill level 18 in Armour
 65260 | Zot:1    | 65260 ||| RETREATING.
 65268 | Zot:1    | 65268 ||| Stepping ~*~*~tactically~*~*~ (retreating).
 65279 | Zot:1    | Reached ****** piety under Okawaru
 65410 | Zot:1    | Noticed a dread lich
 65419 | Zot:1    | 65419 ||| Stepping ~*~*~tactically~*~*~ (retreating).
 65420 | Zot:1    | 65420 ||| Stepping ~*~*~tactically~*~*~ (retreating).
 65421 | Zot:1    | 65421 ||| Stepping ~*~*~tactically~*~*~ (retreating).
 65422 | Zot:1    | 65422 ||| Stepping ~*~*~tactically~*~*~ (retreating).
 65423 | Zot:1    | 65423 ||| RETREATING.
 65427 | Zot:1    | 65427 ||| Stepping ~*~*~tactically~*~*~ (retreating).
 65428 | Zot:1    | 65428 ||| Stepping ~*~*~tactically~*~*~ (retreating).
 65429 | Zot:1    | 65429 ||| Stepping ~*~*~tactically~*~*~ (retreating).
 65430 | Zot:1    | 65430 ||| Stepping ~*~*~tactically~*~*~ (retreating).
 65431 | Zot:1    | 65431 ||| Stepping ~*~*~tactically~*~*~ (retreating).
 65433 | Zot:1    | 65433 ||| Stepping ~*~*~tactically~*~*~ (retreating).
 65434 | Zot:1    | 65434 ||| Stepping ~*~*~tactically~*~*~ (retreating).
 65435 | Zot:1    | 65435 ||| Stepping ~*~*~tactically~*~*~ (retreating).
 65436 | Zot:1    | 65436 ||| Stepping ~*~*~tactically~*~*~ (retreating).
 65437 | Zot:1    | 65437 ||| Stepping ~*~*~tactically~*~*~ (retreating).
 65438 | Zot:1    | 65438 ||| Stepping ~*~*~tactically~*~*~ (retreating).
 65445 | Zot:1    | 65445 ||| Stepping ~*~*~tactically~*~*~ (outnumbered).
 65446 | Zot:1    | Identified the +0 hat "Ruakk" {Str+2 Int-3 Stlth+} (Okawaru
                  | gifted it to you on level 1 of the Realm of Zot)
 65446 | Zot:1    | Received a gift from Okawaru
 65448 | Zot:1    | 65448 ||| Stepping ~*~*~tactically~*~*~ (outnumbered).
 65586 | Zot:1    | 65586 ||| INVOKING Heroism.
 65587 | Zot:1    | 65587 ||| INVOKING Finesse.
 65588 | Zot:1    | Killed Parghit
 65620 | Zot:1    | 65620 ||| DROPPING +0 hat "Ruakk" {Str+2 Int-3 Stlth+}.
 65629 | Zot:1    | 65629 ||| RETREATING.
 65630 | Zot:1    | 65630 ||| INVOKING Heroism.
 65633 | Zot:1    | 65633 ||| INVOKING Finesse.
 65636 | Zot:1    | 65636 ||| Stepping ~*~*~tactically~*~*~ (retreating).
 65642 | Zot:1    | 65642 ||| Stepping ~*~*~tactically~*~*~ (retreating).
 65643 | Zot:1    | 65643 ||| Stepping ~*~*~tactically~*~*~ (retreating).
 65644 | Zot:1    | Killed a dread lich
 65648 | Zot:1    | Killed a Killer Klown
 65671 | Zot:1    | 65671 ||| READING scroll of acquirement.
 65671 | Zot:1    | 65671 ||| ACQUIRING 857 gold pieces
 65671 | Zot:1    | Acquired 857 gold pieces
 65882 | Zot:1    | Noticed an orb of fire
 65883 | Zot:1    | 65883 ||| INVOKING Heroism.
 65884 | Zot:1    | 65884 ||| INVOKING Finesse.
 65887 | Zot:1    | Killed an orb of fire
 66003 | Zot:1    | 66003 ||| DROPPING +2 pair of boots.
 66053 | Zot:2    | 66053 ||| INVOKING Heroism.
 66070 | Zot:2    | 66070 ||| RETREATING.
 66073 | Zot:2    | 66073 ||| Stepping ~*~*~tactically~*~*~ (retreating).
 66074 | Zot:2    | 66074 ||| Stepping ~*~*~tactically~*~*~ (retreating).
 66075 | Zot:2    | 66075 ||| Stepping ~*~*~tactically~*~*~ (retreating).
 66077 | Zot:2    | Reached skill level 21 in Dodging
 66078 | Zot:2    | 66078 ||| Stepping ~*~*~tactically~*~*~ (retreating).
 66079 | Zot:2    | 66079 ||| Stepping ~*~*~tactically~*~*~ (retreating).
 66088 | Zot:2    | 66088 ||| INVOKING Heroism.
 66434 | Zot:2    | Found a huge runed gate.
 66434 | Zot:2    | Found a huge runed gate.
 66434 | Zot:2    | Found a huge runed gate.
 66434 | Zot:2    | Found a huge runed gate.
 66434 | Zot:2    | Found a huge runed gate.
 66434 | Zot:2    | Found a huge runed gate.
 66434 | Zot:2    | Found a huge runed gate.
 66435 | Zot:2    | Found a huge runed gate.
 66436 | Zot:2    | Found a huge runed gate.
 66439 | Zot:2    | Found a huge runed gate.
 66440 | Zot:2    | Found a huge runed gate.
 66441 | Zot:2    | Found a huge runed gate.
 66442 | Zot:2    | Found a huge runed gate.
 66443 | Zot:2    | Found a huge runed gate.
 66444 | Zot:2    | Found a huge runed gate.
 66445 | Zot:2    | Found a huge runed gate.
 66457 | Zot:2    | Found a huge runed gate.
 66457 | Zot:2    | Found a huge runed gate.
 66457 | Zot:2    | Found a huge runed gate.
 66457 | Zot:2    | Found a huge runed gate.
 66457 | Zot:2    | Found a huge runed gate.
 66457 | Zot:2    | Found a huge runed gate.
 66458 | Zot:2    | Found a huge runed gate.
 66459 | Zot:2    | Found a huge runed gate.
 66460 | Zot:2    | Found a huge runed gate.
 66468 | Zot:2    | Found a huge runed gate.
 66468 | Zot:2    | Found a huge runed gate.
 66468 | Zot:2    | Found a huge runed gate.
 66468 | Zot:2    | Found a huge runed gate.
 66468 | Zot:2    | Found a huge runed gate.
 66468 | Zot:2    | Found a huge runed gate.
 66474 | Zot:2    | 66474 ||| INVOKING Heroism.
 66493 | Zot:2    | Found a huge runed gate.
 66493 | Zot:2    | Found a huge runed gate.
 66494 | Zot:2    | Found a huge runed gate.
 66500 | Zot:2    | Found a huge runed gate.
 66500 | Zot:2    | Found a huge runed gate.
 66557 | Zot:2    | 66557 ||| INVOKING Heroism.
 66560 | Zot:2    | Received a gift from Okawaru
 66607 | Zot:2    | 66607 ||| INVOKING Heroism.
 66780 | Zot:2    | 66780 ||| INVOKING Heroism.
 66807 | Zot:2    | 66807 ||| Stepping ~*~*~tactically~*~*~ (outnumbered).
 66809 | Zot:2    | 66809 ||| Stepping ~*~*~tactically~*~*~ (outnumbered).
 66851 | Zot:2    | Found a viscous altar of Jiyva.
 66852 | Zot:2    | 66852 ||| INVOKING Heroism.
 66854 | Zot:2    | 66854 ||| Stepping ~*~*~tactically~*~*~ (outnumbered).
 66855 | Zot:2    | 66855 ||| Stepping ~*~*~tactically~*~*~ (outnumbered).
 66906 | Zot:2    | 66906 ||| INVOKING Heroism.
 66913 | Zot:2    | Reached XP level 26. HP: 191/193 MP: 31/31
 67141 | Zot:2    | 67141 ||| DROPPING +1 hat of stealth.
 67142 | Zot:2    | 67142 ||| DROPPING +6 ring of strength.
 67198 | Zot:3    | 67198 ||| INVOKING Heroism.
 67209 | Zot:3    | HP: 48/193 [white draconian stormcaller/divine providence[a
                  | purple draconian shifter] (13)]
 67210 | Zot:3    | 67210 ||| READING 15 scrolls of teleportation.
 67214 | Zot:3    | 67214 ||| RETREATING.
 67214 | Zot:3    | HP: 44/193 [white draconian stormcaller/divine providence[a
                  | purple draconian shifter] (14)]
 67215 | Zot:3    | 67215 ||| DRINKING potion of heal wounds.
 67218 | Zot:3    | 67218 ||| Stepping ~*~*~tactically~*~*~ (retreating).
 67219 | Zot:3    | 67219 ||| READING 14 scrolls of teleportation.
 67223 | Zot:3    | 67223 ||| INVOKING Heroism.
 67227 | Zot:3    | Noticed a shard shrike
 67227 | Zot:3    | HP: 45/193 [red draconian scorcher/bolt of fire (3)]
 67228 | Zot:3    | 67228 ||| READING 13 scrolls of teleportation.
 67229 | Zot:3    | 67229 ||| Stepping ~*~*~tactically~*~*~ (retreating).
 67230 | Zot:3    | 67230 ||| Stepping ~*~*~tactically~*~*~ (retreating).
 67231 | Zot:3    | 67231 ||| Stepping ~*~*~tactically~*~*~ (retreating).
 67232 | Zot:3    | 67232 ||| Stepping ~*~*~tactically~*~*~ (retreating).
 67233 | Zot:3    | 67233 ||| Stepping ~*~*~tactically~*~*~ (retreating).
 67234 | Zot:3    | 67234 ||| Stepping ~*~*~tactically~*~*~ (retreating).
 67234 | Zot:3    | HP: 42/193 [red draconian/+2 mace of freezing (7)]
 67235 | Zot:3    | 67235 ||| Stepping ~*~*~tactically~*~*~ (retreating).
 67236 | Zot:3    | 67236 ||| Stepping ~*~*~tactically~*~*~ (retreating).
 67239 | Zot:3    | 67239 ||| READING 12 scrolls of teleportation.
 67243 | Zot:3    | HP: 29/193 [something (5)]
 67245 | Zot:3    | 67245 ||| Stepping ~*~*~tactically~*~*~ (cloud).
 67246 | Zot:3    | 67246 ||| READING 11 scrolls of teleportation.
 67247 | Zot:3    | 67247 ||| RETREATING.
 67248 | Zot:3    | 67248 ||| Stepping ~*~*~tactically~*~*~ (retreating).
 67251 | Zot:3    | 67251 ||| Stepping ~*~*~tactically~*~*~ (retreating).
 67252 | Zot:3    | 67252 ||| Stepping ~*~*~tactically~*~*~ (retreating).
 67255 | Zot:3    | 67255 ||| Stepping ~*~*~tactically~*~*~ (retreating).
 67255 | Zot:3    | HP: 21/193 [shard shrike (10)]
 67255 | Zot:3    | Slain by a shard shrike

Levels and vault maps discovered:
D:1:      kennysheep_arrival_seaside, layout_loops_corners,
          hellmonk_ecumenical_altar_run_dry
D:2:      layout_basic, basic_altar, uniq_jessica
D:3:      layout_rooms, hangedman_decor_growths, kennysheep_donut,
          minmay_misc_feat_ornament, hangedman_decor_clover_reticule,
          uniq_natasha, uniq_terence
D:4:      black_bear_nest_2, layout_basic, minmay_temple_entry_gardened_gates,
          minmay_quantized
D:5:      nicolae_cairo_tiling, layout_loops_ring, jmf_multi_god_temple,
          mainiacjoe_overflow_surrounded_room, uniq_pikel
D:6:      layout_loops_ring, lemuel_coloured_pillars_altar,
          hellmonk_ghost_happy_afterlife, minivault_19
D:7:      layout_rooms, mainiacjoe_overflow_small_starburst, serial_shops,
          nicolae_shop_real_fake_doors, gammafunk_ghost_cemetery,
          serial_demonic, serial_demonic_e, serial_demonic_g, serial_demonic_d,
          serial_demonic_e, minivault_26, the_hattery
D:8:      layout_basic, mainiacjoe_overflow_catwalk_spiral,
          nicolae_figureground_pulse
D:9:      kb_forest_paths, layout_long_grid
D:10:     layout_basic, lair_entry_dummy, serial_park_tiny_pond
D:11:     layout_roguey, orc_0_dummy, special_room [special_room_orc]
D:12:     cheibrodos_breeding_chamber, layout_basic, xom_confusion_cloud
D:13:     layout_cave_pools, serial_shops, nicolae_shop_industrial_runoff,
          vehumet_altar_wand_db
D:14:     layout_loops_ring, erik_vaults_2, minmay_misc_feat_plants
D:15:     grunt_enter_depths_snipers, layout_irregular_city,
          chequers_serial_rivers_small_a, worldfamousw_hep_ancestral_shrine
Temple:   nicolae_temple_no_exploring_needed
Lair:1:   layout_roguey, ebering_ghost_disaster_area, lemuel_fruit_fields,
          serial_bayou_shore_b, wad_woods_river_01, lemuel_fruit_tree
Lair:2:   layout_small_grid, spider_nest_entry_funnel_web, nzn_ghost_randoct,
          chequers_serial_rivers_micro_e
Lair:3:   layout_loops_ring, shoals_dummy_entry, grunt_megastairs_1,
          infiniplex_staircase_pool_2
Lair:4:   layout_big_grid
Lair:5:   grunt_lair_end_beastmaster, layout_gridlike, slime_entry_1,
          grunt_megastairs_3, uniq_josephine
Shoals:1: layout_shoals, serial_shops, nicolae_shop_stone,
          gammafunk_ghost_tricky_traps, portal_ice_cave_entry_ice_simulacra,
          amcnicky_altar_lugonu_corruption
Shoals:2: layout_shoals, uniq_polyphemus
Shoals:3: layout_shoals, nicolae_shoals_isolated_beach
Shoals:4: shoals_end_grunt_garden, layout_shoals, uniq_nikola, uniq_mlioglotl
Spider:1: layout_spider_delve, worms_lemuel
Spider:2: layout_spider_delve, ebering_ghost_disaster_area,
          nicolae_spider_some_kinda_spiderbox
Spider:3: layout_spider_delve, uniq_louise, uniq_bai_suzhen
Spider:4: spider_rune_water
Orc:1:    layout_diamond_mine, guppyfry_library_mini
Orc:2:    grunt_orc_community_town_hall, layout_caves,
          grunt_orc_community_big_house_2, grunt_orc_community_big_house_2,
          grunt_orc_community_house_1, grunt_orc_community_house_2,
          grunt_orc_community_house_2, grunt_orc_community_house_3,
          grunt_orc_community_house_1, grunt_orc_community_house_1,
          serial_shops, shop, uniq_donald
Vaults:1: nicolae_vaults_trapezoid_3, vaults_room_grunt_arrival_checkpoint,
          ontoclasm_vaults_shuriken, v_misc_14, vaults_dpeg_emergency_exit,
          v_misc_18, hangedman_vaults_stretched_pinwheel, v_alt_pattern_6,
          hangedman_vaults_cutoff, hangedman_vaults_slice,
          hangedman_vaults_trim, nicolae_vaults_double_plus_1,
          layout_vaults_maze_bifur, serial_shops, nicolae_shop_advertising_works
          [nicolae_subvault_shop_adworks], uniq_zenata
Vaults:2: ontoclasm_vaults_ring_square, nicolae_vaults_closet_pinwheel_4,
          nicolae_vaults_house_3, nicolae_vaults_diamond_1,
          nicolae_vaults_closet_pinwheel_1, nicolae_vaults_prndl,
          nicolae_vaults_taking_the_gang_shopping, nicolae_vaults_heist,
          v_misc_25, layout_vaults_quadrants
Vaults:3: nicolae_vaults_layer_cake_slice, nicolae_vaults_shrinking_rooms_1,
          nicolae_vaults_ring_of_whatevers,
          nicolae_vaults_offset_grid_hallway_3,
          nicolae_vaults_mini_display_case, nicolae_vaults_big_ls, v_misc_13,
          v_misc_8, nicolae_vaults_diamond_1, vaults_dpeg_hooks,
          nicolae_vaults_triangles, vaults_dpeg_doors, layout_vaults_omnicross,
          serial_shops, nicolae_shop_tiny_glass, uniq_asterion, uniq_xtahua
Vaults:4: portal_desolation_entry_garden, v_misc_4,
          nicolae_vaults_trapezoid_lopsided_1, v_misc_2,
          nicolae_vaults_six-pack, hangedman_vaults_snaps,
          nicolae_vaults_cochlea, nicolae_vaults_branching_niches,
          nicolae_vaults_house_1, nicolae_vaults_heart-shaped_vault,
          nicolae_vaults_theta, layout_vaults_ring, serial_shops, shop,
          uniq_boris
Vaults:5: uniq_frederick, uniq_mennas, uniq_mara, uniq_sojobo
Depths:1: minmay_nine_rooms, layout_cave_shapes,
          grunt_hell_entry_demonic_statue, kennysheep_path_1, serial_shops,
          bzr_firewalk, corexii_hall_statues_t, trog_three_pillars_becter
Depths:2: gammafunk_corrupted_shrine, layout_gridlike, serial_shops,
          bzr_entry_lakeside, hellmouth_3, pan_entry, infiniplex_staircase_star
Depths:3: minmay_octo_star, layout_cave_pools, serial_bayou_pond_d,
          hangedman_coc_ice_floe, abyss_entry, rand_demon_pan_entry_8, uniq_vv
Depths:4: evilmike_zot_entry_gauntlet, layout_basic, enter_ziggurat_d,
          hell_entry, grunt_dithmenos_smoke
Zot:1:    ebering_klown_carousel, layout_cathedral_of_symmetry,
          hangedman_zot_decor_unnerving_road, st_single_dragon_hoard_1,
          nicolae_lava_and_water, uniq_parghit
Zot:2:    hangedman_orp_of_zott, layout_onion_interference, door_vault
Zot:3:    layout_basic, hangedman_elemental_grid_stream

Skill      XL: |  1  2  3  4  5  6  7  8  9 10 11 12 13 14 15 16 17 18 19 20 21 22 23 24 25 |
---------------+----------------------------------------------------------------------------+-----
Ranged Weapons | 5 7 8 9 11 13 16 17 19 20 22 | 22.0
Armour         | 1 2 3 4 5 8 10 11 12 14 15 16 17 19 | 19.0
Fighting       | 4 5 7 8 9 10 11 12 14 15 16 19 21 22 23 25 26 27 | 27.0
Dodging        | 2 3 4 5 6 8 9 11 13 14 16 17 18 19 21 | 21.6
Invocations    | 5 8 10 11 | 11.5
Stealth        | |  1.1

Action                     |  1- 3 |  4- 6 |  7- 9 | 10-12 | 13-15 | 16-18 | 19-21 | 22-24 | 25-27 || total
---------------------------+-------+-------+-------+-------+-------+-------+-------+-------+-------++-------
   Fire: Shortbow          |    78 |     3 |       |       |       |       |       |       |       ||    81
         Hand crossbow     |       |    71 |   162 |    21 |       |       |       |       |       ||   254
         Longbow           |       |       |       |   453 |  1127 |   433 |       |       |       ||  2013
         Heavy crossbow    |       |       |       |       |       |   472 |   664 |   617 |   293 ||  2046
 Invoke: Heroism           |       |       |     5 |    22 |    19 |    29 |    28 |    35 |    17 ||   155
         Finesse           |       |       |       |       |     5 |    10 |    10 |    17 |     4 ||    46
    Use: Scroll            |     2 |     6 |     7 |    10 |     3 |     4 |     4 |     1 |     9 ||    46
         Potion            |       |       |     1 |     6 |     1 |     2 |     6 |     2 |     4 ||    22
 Armour: Leather armour    |    12 |       |       |       |       |       |       |       |       ||    12
         Ring mail         |       |    10 |    40 |    13 |       |   196 |   347 |   259 |    89 ||   954
         Steam dragon scal |       |       |       |    13 |       |       |       |       |       ||    13
         Robe              |       |       |       |    53 |   166 |    19 |       |       |       ||   238
  Dodge: Dodged            |     9 |    16 |    33 |   159 |   342 |   527 |   913 |   820 |   438 ||  3257
         Repelled          |       |       |       |       |       |     1 |     6 |    22 |    14 ||    43
  Block: Other             |       |       |     4 |    39 |    84 |   120 |    57 |       |       ||   304
         Reflection        |       |       |       |     1 |     2 |     6 |    13 |       |       ||    22

Table legend:
 A = Non-vault XP
 B = Vault XP
 C = Vault XP percentage of total XP
 D = Non-vault monster count
 E = Vault monster count
 F = Vault count percentage of total count
                 A         B        C        D         E       F
            +---------+---------+-------+---------+---------+-------
      Total |  604656 |  508151 |  45.7 |    1238 |     689 |  35.8
            +---------+---------+-------+---------+---------+-------
        D:1 |      30 |       0 |   0.0 |      21 |       0 |   0.0
        D:2 |      29 |      37 |  56.1 |       9 |       1 |  10.0
        D:3 |     378 |      71 |  15.8 |      33 |       2 |   5.7
        D:4 |     582 |     150 |  20.5 |      24 |       7 |  22.6
        D:5 |     686 |     696 |  50.4 |      18 |       3 |  14.3
        D:6 |    1275 |       0 |   0.0 |      21 |       0 |   0.0
        D:7 |    1195 |     261 |  17.9 |      27 |       2 |   6.9
        D:8 |    1456 |       0 |   0.0 |      21 |       0 |   0.0
        D:9 |    1376 |    3099 |  69.3 |      26 |      16 |  38.1
       D:10 |    4511 |       0 |   0.0 |      37 |       0 |   0.0
       D:11 |    2776 |     855 |  23.5 |      17 |      20 |  54.1
       D:12 |    4461 |    8880 |  66.6 |      10 |      18 |  64.3
       D:13 |    7941 |       2 |   0.0 |      18 |       1 |   5.3
       D:14 |    7737 |    6886 |  47.1 |      19 |       8 |  29.6
       D:15 |   23150 |    2895 |  11.1 |      35 |       3 |   7.9
     Lair:1 |    2615 |     967 |  27.0 |      11 |       5 |  31.2
     Lair:2 |    4417 |     723 |  14.1 |      17 |       2 |  10.5
     Lair:3 |   13506 |     277 |   2.0 |      42 |       2 |   4.5
     Lair:4 |    4316 |       0 |   0.0 |      13 |       0 |   0.0
     Lair:5 |   18150 |   14626 |  44.6 |      40 |      27 |  40.3
   Shoals:1 |   19834 |    3006 |  13.2 |      38 |       8 |  17.4
   Shoals:2 |    9229 |    3828 |  29.3 |      18 |       4 |  18.2
   Shoals:3 |   15634 |    3223 |  17.1 |      34 |       5 |  12.8
   Shoals:4 |   12294 |   23340 |  65.5 |      25 |      37 |  59.7
   Spider:1 |   18402 |    8415 |  31.4 |      53 |      11 |  17.2
   Spider:2 |   22088 |    5571 |  20.1 |      63 |       8 |  11.3
   Spider:3 |   23390 |    3818 |  14.0 |      47 |       2 |   4.1
   Spider:4 |   14853 |   19379 |  56.6 |      32 |      42 |  56.8
      Orc:1 |    2919 |     680 |  18.9 |      22 |       8 |  26.7
      Orc:2 |    1721 |    6157 |  78.2 |      32 |      72 |  69.2
   Vaults:1 |   33698 |   20469 |  37.8 |      45 |      30 |  40.0
   Vaults:2 |   24236 |   15191 |  38.5 |      35 |      21 |  37.5
   Vaults:3 |   15953 |   26732 |  62.6 |      23 |      36 |  61.0
   Vaults:4 |   22567 |   60848 |  72.9 |      43 |      69 |  61.6
   Vaults:5 |   34151 |  110532 |  76.4 |      40 |      73 |  64.6
   Depths:1 |   33116 |   32974 |  49.9 |      35 |      31 |  47.0
   Depths:2 |   39831 |   10560 |  21.0 |      49 |      15 |  23.4
   Depths:3 |   25116 |   27236 |  52.0 |      28 |      18 |  39.1
   Depths:4 |   42473 |   18888 |  30.8 |      41 |      20 |  32.8
      Zot:1 |   52154 |   33042 |  38.8 |      43 |      19 |  30.6
      Zot:2 |   32913 |   29494 |  47.3 |      26 |      39 |  60.0
      Zot:3 |    7497 |    4343 |  36.7 |       7 |       4 |  36.4
            +---------+---------+-------+---------+---------+-------
